Workbook

Sheet Приложение 1
C1: Приложение 1 к решению Совета депутатов Анненковского сельского поселения Ромодановского муниципального района Республики Мордовия «О внесении изменений в решение Совета депутатов Анненковского сельского поселения Ромодановского муниципального района Республики Мордовия от 26 декабря 2024 г № 21 «О бюджете Анненковского сельского поселения Ромодановского муниципального района Республики Мордовия на 2025 год и на плановый период 2026 и 2027 годов» Приложение 2 к решению Совета депутатов Анненковского сельского поселения Ромодановского муниципального района Республики Мордовия «О бюджете Анненковского сельского поселения Ромодановского муниципального района Республики Мордовия на 2025 год и на плановый период 2026 и 2027 годов»
A6: ОБЪЕМ БЕЗВОЗМЕЗДНЫХ ПОСТУПЛЕНИЙ В БЮДЖЕТ АННЕНКОВСКОГО СЕЛЬСКОГО ПОСЕЛЕНИЯ РОМОДАНОВСКОГО МУНИЦИПАЛЬНОГО РАЙОНА РЕСПУБЛИКИ МОРДОВИЯ НА 2025 ГОД И НА ПЛАНОВЫЙ ПЕРИОД 2026 И 2027 ГОДОВ
E7: (тыс. рублей)
A8: Код | B8: Наименование | C8: Сумма
C9: 2025 год | D9: 2026 год | E9: 2027 год
A10: 1 | B10: 2 | C10: 3 | D10: 4 | E10: 5
A11: 2 00 00000 00 0000 000 | B11: БЕЗВОЗМЕЗДНЫЕ ПОСТУПЛЕНИЯ | C11: =C12 -> 2359 | D11: =D12 -> 1122.1 | E11: =E12 -> 1198.6
A12: 2 02 00000 00 0000 000 | B12: Безвозмездные поступления от других бюджетов бюджетной системы Российской Федерации | C12: =C13+C21+C26+C18 -> 2359 | D12: =D13+D21+D26 -> 1122.1 | E12: =E13+E21+E26 -> 1198.6
A13: 2 02 10000 00 0000 150 | B13: Дотации бюджетам бюджетной системы Российской Федерации | C13: =C14+C16 -> 882.8 | D13: =D14 -> 555.6 | E13: =E14 -> 609.8
A14: 2 02 15001 00 0000 150 | B14: Дотации на выравнивание бюджетной обеспеченности | C14: =C15 -> 611.6 | D14: =D15 -> 555.6 | E14: =E15 -> 609.8
A15: 2 02 15001 10 0000 150 | B15: Дотации бюджетам сельских поселений на выравнивание бюджетной обеспеченности из бюджета субъекта Российской Федерации | C15: 611.6 | D15: 555.6 | E15: 609.8
A16: 2 02 15002 00 0000 150 | B16: Дотация бюджетам на поддержку мер по обеспечению сбалансированности бюджетов | C16: =C17 -> 271.2
A17: 2 02 15002 10 0000 150 | B17: Дотации бюджетам сельских поселений на поддержку мер по обеспечению сбалансированности бюджетов | C17: 271.2
A18: 2 02 20000 00 0000 150 | B18: Субсидии бюджетам бюджетной системы Российской Федерации (межбюджетные субсидии) | C18: =C19 -> 227.9
A19: 2 02 29999 00 0000 150 | B19: Прочие субсидии | C19: =C20 -> 227.9
A20: 2 02 29999 10 0000 150 | B20: Прочие субсидии бюджетам сельских поселений | C20: 227.9
A21: 2 02 30000 00 0000 150 | B21: Субвенции бюджетам бюджетной системы Российской Федерации | C21: =C22+C24 -> 159.6 | D21: =D22+D24 -> 174.5 | E21: =E22+E24 -> 180.8
A22: 2 02 30024 00 0000 150 | B22: Субвенции местным бюджетам на выполнение передаваемых полномочий субъектов Российской Федерации | C22: =C23 -> 0.6 | D22: =D23 -> 0.6 | E22: =E23 -> 0.6
A23: 2 02 30024 10 0000 150 | B23: Субвенции бюджетам сельских поселений на выполнение передаваемых полномочий субъектов Российской Федерации | C23: 0.6 | D23: 0.6 | E23: 0.6
A24: 2 02 35118 00 0000 150 | B24: Субвенции бюджетам на осуществление первичного воинского учета органами местного самоуправления поселений,муниципальных и городских округов | C24: =C25 -> 159 | D24: =D25 -> 173.9 | E24: =E25 -> 180.2
A25: 2 02 35118 10 0000 150 | B25: Субвенции бюджетам сельских поселений на осуществление первичного воинского учета органами местного самоуправления поселений,муниципальных и городских округов | C25: 159 | D25: 173.9 | E25: 180.2
A26: 2 02 40000 00 0000 150 | B26: Иные межбюджетные трансферты | C26: =C27+C29 -> 1088.7 | D26: =D27 -> 392 | E26: =E27 -> 408
A27: 2 02 40014 00 0000 150 | B27: Межбюджетные трансферты, передаваемые бюджетам муниципальных образований на осуществление части полномочий по решению вопросов местного значения в соответствии с заключенными соглашениями | C27: =C28 -> 370 | D27: =D28 -> 392 | E27: =E28 -> 408
A28: 2 02 40014 10 0000 150 | B28: Межбюджетные трансферты, передаваемые бюджетам сельских поселений из бюджетов муниципальных районов на осуществление части полномочий по решению вопросов местного значения в соответветствии с заключенными соглашениями | C28: 370 | D28: 392 | E28: 408
A29: 2 02 49999 00 0000 150 | B29: Прочие межбюджетные трансферты, передаваемые бюджетам | C29: =C30 -> 718.7
A30: 2 02 49999 10 0000 150 | B30: Прочие межбюджетные трансферты, передаваемые бюджетам сельских поселений | C30: 718.7

Sheet Приложение 2
I1: Приложение 2 к решению Совета депутатов Анненковского сельского поселения Ромодановского муниципального района Республики Мордовия «О внесении изменений в решение Совета депутатов Анненковского сельского поселения Ромодановского муниципального района Республики Мордовия от 26 декабря 2024 г № 21 «О бюджете Анненковского сельского поселения Ромодановского муниципального района Республики Мордовия на 2025 год и на плановый период 2026 и 2027 годов» Приложение 3 к решению Совета депутатов Анненковского сельского поселения Ромодановского муниципального района Республики Мордовия «О бюджете Анненковского сельского поселения Ромодановского муниципального района Республики Мордовия на 2025 год и на плановый период 2026 и 2027 годов»
A2: ВЕДОМСТВЕННАЯ СТРУКТУРА РАСХОДОВ БЮДЖЕТА АННЕНКОВСКОГО СЕЛЬСКОГО ПОСЕЛЕНИЯ РОМОДАНОВСКОГО МУНИЦИПАЛЬНОГО РАЙОНА РЕСПУБЛИКИ МОРДОВИЯ НА 2025 ГОД И НА ПЛАНОВЫЙ ПЕРИОД 2026 И 2027 ГОДОВ
I3: (тыс. рублей)
A4: Наименование | B4: Адм | C4: Рз | D4: Прз | E4: Цср | I4: Вр | J4: Сумма
J5: 2025 год | K5: 2026 год | L5: 2027 год
A6: 1 | B6: 2 | C6: 3 | D6: 4 | E6: 5 | F6: 6 | G6: 7 | H6: 8 | I6: 9 | J6: 10 | K6: 11 | L6: 12
A7: Администрация Анненковского сельского поселения Ромодановского муниципального района Республики Мордовия | B7: 910 | J7: =J8+J49+J65+J78+J97+J104+J43+J58 -> 3383.6 | K7: =K8+K49+K65+K78+K97+K111+K104+K37 -> 2011.3 | L7: =L8+L49+L65+L78+L97+L111+L104 -> 2129.6
A8: Общегосударственные вопросы | B8: 910 | C8: 01 | J8: =J9+J18+J37 -> 1592 | K8: =K9+K18 -> 1221.4 | L8: =L9+L18 -> 1281.2
A9: Функционирование высшего должностного лица субъекта Российской Федерации и муниципального образования | B9: 910 | C9: 01 | D9: 02 | J9: =J10 -> 176.4 | K9: =K10 -> 414.3 | L9: =L10 -> 360.4
A10: Обеспечение деятельности Администрации Анненковского сельского поселения Ромодановского муниципального района Республики Мордовия | B10: 910 | C10: 01 | D10: 02 | E10: 65 | J10: =J11 -> 176.4 | K10: =K11 -> 414.3 | L10: =L11 -> 360.4
A11: Высшее должностное лицо | B11: 910 | C11: 01 | D11: 02 | E11: 65 | F11: 1 | J11: =J12+J15 -> 176.4 | K11: =K12 -> 414.3 | L11: =L12 -> 360.4
A12: Расходы на выплаты по оплате труда высшего должностного лица | B12: 910 | C12: 01 | D12: 02 | E12: 65 | F12: 1 | G12: 00 | H12: 41150 | J12: =J13 -> 161.2 | K12: =K13 -> 414.3 | L12: =L13 -> 360.4
A13: Расходы на выплаты персоналу в целях обеспечения выполнения функций государственными (муниципальными) органами, казенными учреждениями, органами управления государственными внебюджетными фондами | B13: 910 | C13: 01 | D13: 02 | E13: 65 | F13: 1 | G13: 00 | H13: 41150 | I13: 100 | J13: =J14 -> 161.2 | K13: =K14 -> 414.3 | L13: =L14 -> 360.4
A14: Расходы на выплаты персоналу государственных (муниципальных) органов | B14: 910 | C14: 01 | D14: 02 | E14: 65 | F14: 1 | G14: 00 | H14: 41150 | I14: 120 | J14: 161.2 | K14: 414.3 | L14: 360.4
A15: =A29 -> Субсидии на со финансирование расходных обязательств по финансовому обеспечению деятельности органов местного самоуправления и муниципальных учреждений | B15: 910 | C15: 01 | D15: 02 | E15: 65 | F15: 1 | G15: 00 | H15: 44205 | J15: =J16 -> 15.2
A16: =A14 -> Расходы на выплаты персоналу государственных (муниципальных) органов | B16: 910 | C16: 01 | D16: 02 | E16: 65 | F16: 1 | G16: 00 | H16: 44205 | I16: 100 | J16: =J17 -> 15.2
A17: =A14 -> Расходы на выплаты персоналу государственных (муниципальных) органов | B17: 910 | C17: 01 | D17: 02 | E17: 65 | F17: 1 | G17: 00 | H17: 44205 | I17: 120 | J17: 15.2
A18: Функционирование Правительства Российской Федерации, высших исполнительных органов субъектов Российской Федерации, местных администраций | B18: 910 | C18: 01 | D18: 04 | J18: =J19+J32 -> 1410.6 | K18: =K19 -> 807.1 | L18: =L19 -> 920.8
A19: Обеспечение деятельности Администрации Анненковского сельского поселения Ромодановского муниципального района Республики Мордовия | B19: 910 | C19: 01 | D19: 04 | E19: 65 | J19: =J20 -> 1410 | K19: =K20+K24+K36 -> 807.1 | L19: =L20+L24+L36+L42 -> 920.8
A20: Расходы в рамках обеспечения деятельности Администрации Анненковского сельского поселения | B20: 910 | C20: 01 | D20: 04 | E20: 65 | F20: 2 | J20: =J21+J24+J29 -> 1410 | K20: =K21 -> 605.9 | L20: =L21 -> 605.9
A21: Расходы на выплату по оплате труда работников органов местного самоуправления | B21: 910 | C21: 01 | D21: 04 | E21: 65 | F21: 2 | G21: 00 | H21: 41110 | J21: =J22 -> 702.4 | K21: =K22 -> 605.9 | L21: =L22 -> 605.9
A22: Расходы на выплаты персоналу в целях обеспечения выполнения функций государственными (муниципальными) органами, казенными учреждениями, органами управления государственными внебюджетными фондами | B22: 910 | C22: 01 | D22: 04 | E22: 65 | F22: 2 | G22: 00 | H22: 41110 | I22: 100 | J22: =J23 -> 702.4 | K22: =K23 -> 605.9 | L22: =L23 -> 605.9
A23: Расходы на выплаты персоналу государственных (муниципальных) органов | B23: 910 | C23: 01 | D23: 04 | E23: 65 | F23: 2 | G23: 00 | H23: 41110 | I23: 120 | J23: 702.4 | K23: 605.9 | L23: 605.9
A24: Расходы на обеспечение выполнения функций органов местного самоуправления | B24: 910 | C24: 01 | D24: 04 | E24: 65 | F24: 2 | G24: 00 | H24: 41120 | J24: =+J25+J27 -> 492.6 | K24: =K25+K27 -> 200.6 | L24: =L25+L27 -> 309.3
A25: Закупка товаров, работ и услуг для обеспечения государственных (муниципальных) нужд | B25: 910 | C25: 01 | D25: 04 | E25: 65 | F25: 2 | G25: 00 | H25: 41120 | I25: 200 | J25: =J26 -> 488 | K25: =K26 -> 195.6 | L25: =L26 -> 304.3
A26: Иные закупки товаров, работ и услуг для обеспечения государственных (муниципальных) нужд | B26: 910 | C26: 01 | D26: 04 | E26: 65 | F26: 2 | G26: 00 | H26: 41120 | I26: 240 | J26: 488 | K26: 195.6 | L26: 304.3
A27: Иные бюджетные ассигнования | B27: 910 | C27: 01 | D27: 04 | E27: 65 | F27: 2 | G27: 00 | H27: 41120 | I27: 800 | J27: =J28 -> 4.6 | K27: =K28 -> 5 | L27: =L28 -> 5
A28: Уплата налогов, сборов и иных платежей | B28: 910 | C28: 01 | D28: 04 | E28: 65 | F28: 2 | G28: 00 | H28: 41120 | I28: 850 | J28: 4.6 | K28: 5 | L28: 5
A29: ='[1]Приложение 2'!$A$24 -> Субсидии на со финансирование расходных обязательств по финансовому обеспечению деятельности органов местного самоуправления и муниципальных учреждений | B29: 910 | C29: 01 | D29: 04 | E29: 65 | F29: 2 | G29: 00 | H29: 44205 | J29: =J30 -> 215
A30: =A13 -> Расходы на выплаты персоналу в целях обеспечения выполнения функций государственными (муниципальными) органами, казенными учреждениями, органами управления государственными внебюджетными фондами | B30: 910 | C30: 01 | D30: 04 | E30: 65 | F30: 2 | G30: 00 | H30: 44205 | I30: 100 | J30: =J31 -> 215
A31: =A14 -> Расходы на выплаты персоналу государственных (муниципальных) органов | B31: 910 | C31: 01 | D31: 04 | E31: 65 | F31: 2 | G31: 00 | H31: 44205 | I31: 120 | J31: 215
A32: Непрограммные расходы главных распорядителей средств бюджета Анненковского сельского поселения Ромодановского муниципального района Республики Мордовия | B32: 910 | C32: 01 | D32: 04 | E32: 89 | J32: =J33 -> 0.6 | K32: =K33 -> 0.6 | L32: =L33 -> 0.6
A33: Непрограммные расходы в рамках обеспечения деятельности главных распорядителей средств бюджета Анненковского сельского поселения Ромодановского муниципального района Республики Мордовия | B33: 910 | C33: 01 | D33: 04 | E33: 89 | F33: 1 | J33: =J34 -> 0.6 | K33: =K34 -> 0.6 | L33: =L34 -> 0.6
A34: Осуществление государственных полномочий Республики Мордовия по определению перечня должностных лиц, уполномоченных составлять протоколы об административных правонарушениях, предусмотренных Законом Республики Мордовия от 15 июня 2015 года № 38-З "Об административной ответственности на территории Республики Мордовия" | B34: 910 | C34: 01 | D34: 04 | E34: 89 | F34: 1 | G34: 00 | H34: 77150 | J34: =J35 -> 0.6 | K34: =K35 -> 0.6 | L34: =L35 -> 0.6
A35: Закупка товаров, работ и услуг для обеспечения государственных (муниципальных) нужд | B35: 910 | C35: 01 | D35: 04 | E35: 89 | F35: 1 | G35: 00 | H35: 77150 | I35: 200 | J35: =J36 -> 0.6 | K35: =K36 -> 0.6 | L35: =L36 -> 0.6
A36: Иные закупки товаров, работ и услуг для обеспечения государственных (муниципальных) нужд | B36: 910 | C36: 01 | D36: 04 | E36: 89 | F36: 1 | G36: 00 | H36: 77150 | I36: 240 | J36: 0.6 | K36: 0.6 | L36: 0.6
A37: Резервные фонды | B37: 910 | C37: 01 | D37: 11 | J37: =J38 -> 5 | K37: =K38 -> 5 | L37: =L38 -> 5
A38: Непрограммные расходы главных распорядителей средств бюджетаАнненковского сельского поселения Ромодановского муниципального района Республики Мордовия | B38: 910 | C38: 01 | D38: 11 | E38: 89 | J38: =J39 -> 5 | K38: =K39 -> 5 | L38: =L39 -> 5
A39: Непрограммные расходы в рамках обеспечения деятельности главных распорядителей средств бюджетаАнненковского сельского поселения Ромодановского муниципального района Республики Мордовия | B39: 910 | C39: 01 | D39: 11 | E39: 89 | F39: 1 | J39: =J40 -> 5 | K39: =K40 -> 5 | L39: =L40 -> 5
A40: Резервный фонд аминистрации Анненковского сельского поселени Ромодановского муниципального района Республики Мордовия | B40: 910 | C40: 01 | D40: 11 | E40: 89 | F40: 1 | G40: 00 | H40: 41180 | J40: =J42 -> 5 | K40: =K42 -> 5 | L40: =L41 -> 5
A41: Иные бюджетные ассигнования | B41: 910 | C41: 01 | D41: 11 | E41: 89 | F41: 1 | G41: 00 | H41: 41180 | I41: 800 | J41: =J42 -> 5 | K41: =K42 -> 5 | L41: =L42 -> 5
A42: Резервные средства | B42: 910 | C42: 01 | D42: 11 | E42: 89 | F42: 1 | G42: 00 | H42: 41180 | I42: 870 | J42: 5 | K42: 5 | L42: 5
A43: Другие общегосударственные вопросы | B43: 910 | C43: 01 | D43: 13 | J43: =J44 -> 12
A44: =A38 -> Непрограммные расходы главных распорядителей средств бюджетаАнненковского сельского поселения Ромодановского муниципального района Республики Мордовия | B44: 910 | C44: 01 | D44: 13 | E44: 89 | J44: =J45 -> 12
A45: =A39 -> Непрограммные расходы в рамках обеспечения деятельности главных распорядителей средств бюджетаАнненковского сельского поселения Ромодановского муниципального района Республики Мордовия | B45: 910 | C45: 01 | D45: 13 | E45: 89 | F45: 1 | J45: =J46 -> 12
A46: Мероприятия, связанные с муниципальным управлением | B46: 910 | C46: 01 | D46: 13 | E46: 89 | F46: 1 | G46: 00 | H46: 41210 | J46: =J47 -> 12
A47: =A27 -> Иные бюджетные ассигнования | B47: 910 | C47: 01 | D47: 13 | E47: 89 | F47: 1 | G47: 00 | H47: 41210 | I47: 800 | J47: =J48 -> 12
A48: Резервные средства | B48: 810 | C48: 01 | D48: 13 | E48: 89 | F48: 1 | G48: 00 | H48: 41210 | I48: 870 | J48: 12
A49: Национальная оборона | B49: 910 | C49: 02 | J49: =J50 -> 159 | K49: =K50 -> 173.9 | L49: =L50 -> 180.2
A50: Мобилизационная и вневойсковая подготовка | B50: 910 | C50: 02 | D50: 03 | J50: =J51 -> 159 | K50: =K51 -> 173.9 | L50: =L51 -> 180.2
A51: =A38 -> Непрограммные расходы главных распорядителей средств бюджетаАнненковского сельского поселения Ромодановского муниципального района Республики Мордовия | B51: 910 | C51: 02 | D51: 03 | E51: 89 | J51: =J52 -> 159 | K51: =K52 -> 173.9 | L51: =L52 -> 180.2
A52: =A39 -> Непрограммные расходы в рамках обеспечения деятельности главных распорядителей средств бюджетаАнненковского сельского поселения Ромодановского муниципального района Республики Мордовия | B52: 910 | C52: 02 | D52: 03 | E52: 89 | F52: 1 | J52: =J53 -> 159 | K52: =K53 -> 173.9 | L52: =L53 -> 180.2
A53: Осуществление государственных полномочий Российской Федерации по воинскому учету в поселениях, на территориях которых отсутствуют структурные подразделения военных комиссариатов | B53: 910 | C53: 02 | D53: 03 | E53: 89 | F53: 1 | G53: 00 | H53: 51180 | J53: =J56+J54 -> 159 | K53: =K56+K54 -> 173.9 | L53: =L54+L56 -> 180.2
A54: Расходы на выплаты персоналу в целях обеспечения выполнения функций государственными (муниципальными) органами, казенными учреждениями, органами управления государственными внебюджетными фондами | B54: 910 | C54: 02 | D54: 03 | E54: 89 | F54: 1 | G54: 00 | H54: 51180 | I54: 100 | J54: =J55 -> 154 | K54: =K55 -> 168.9 | L54: =L55 -> 175.2
A55: Расходы на выплаты персоналу государственных (муниципальных) органов | B55: 910 | C55: 02 | D55: 03 | E55: 89 | F55: 1 | G55: 00 | H55: 51180 | I55: 120 | J55: 154 | K55: 168.9 | L55: 175.2
A56: Закупка товаров, работ и услуг для обеспечения государственных (муниципальных) нужд | B56: 910 | C56: 02 | D56: 03 | E56: 89 | F56: 1 | G56: 00 | H56: 51180 | I56: 200 | J56: =J57 -> 5 | K56: =K57 -> 5 | L56: =L57 -> 5
A57: Иные закупки товаров, работ и услуг для обеспечения государственных (муниципальных) нужд | B57: 910 | C57: 02 | D57: 03 | E57: 89 | F57: 1 | G57: 00 | H57: 51180 | I57: 240 | J57: 5 | K57: 5 | L57: 5
A58: ='[1]Приложение 2'!$A$68 -> Национальная безопасность и правоохранительная деятельность | B58: 910 | C58: 03 | J58: =J59 -> 41.1
A59: ='[1]Приложение 2'!$A$69 -> Защита населения и территории от чрезвычайных ситуаций природного и техногенного характера, пожарная безопасность | B59: 910 | C59: 03 | D59: 10 | J59: =J60 -> 41.1
A60: =A51 -> Непрограммные расходы главных распорядителей средств бюджетаАнненковского сельского поселения Ромодановского муниципального района Республики Мордовия | B60: 910 | C60: 03 | D60: 10 | E60: 89 | J60: =J61 -> 41.1
A61: =A52 -> Непрограммные расходы в рамках обеспечения деятельности главных распорядителей средств бюджетаАнненковского сельского поселения Ромодановского муниципального района Республики Мордовия | B61: 910 | C61: 03 | D61: 10 | E61: 89 | F61: 1 | J61: =J62 -> 41.1
A62: ='[1]Приложение 2'!$A$72 -> Выполнение работ на гидротехнических сооружениях по пропуску весеннего паводка | B62: 910 | C62: 03 | D62: 10 | E62: 89 | F62: 1 | G62: 00 | H62: 80190 | J62: =J63 -> 41.1
A63: =A56 -> Закупка товаров, работ и услуг для обеспечения государственных (муниципальных) нужд | B63: 910 | C63: 03 | D63: 10 | E63: 89 | F63: 1 | G63: 00 | H63: 80190 | I63: 200 | J63: =J64 -> 41.1
A64: =A57 -> Иные закупки товаров, работ и услуг для обеспечения государственных (муниципальных) нужд | B64: 910 | C64: 03 | D64: 10 | E64: 89 | F64: 1 | G64: 00 | H64: 80190 | I64: 240 | J64: 41.1
A65: Национальная экономика | B65: 910 | C65: 04 | J65: =J66+J72 -> 450 | K65: =K66 -> 392 | L65: =L66 -> 408
A66: Дорожное хозяйство (дорожные фонды) | B66: 910 | C66: 04 | D66: 09 | J66: =J67 -> 370 | K66: =K67 -> 392 | L66: =L67 -> 408
A67: Муниципальная программа «Комплексного развития транспортной инфраструктуры Анненковского сельского поселения Ромодановского муниципального района Республики Мордовия на 2018- 2028 года и с перспективой до 2030 года" | B67: 910 | C67: 04 | D67: 09 | E67: 13 | J67: =J69 -> 370 | K67: =K69 -> 392 | L67: =L68 -> 408
A68: Основное мероприятия " Ремонт и содержание дорог в границах поселения,поддержание дорожного полотна в работоспособном состоянии. | B68: 910 | C68: 04 | D68: 09 | E68: 13 | F68: 0 | G68: 01 | J68: =J69 -> 370 | K68: =K69 -> 392 | L68: =L69 -> 408
A69: Иные межбюджетные трансферты на осуществление полномочий по дорожной деятельности в отношении автомобильных дорог местного значения в границах населенных пунктов поселения и обеспечению безопасности дорожного движения на них, включая создание и обеспечение функционирования парковок (парковочных мест), осуществлению муниципального контроля на автомобильном транспорте, городском наземном электрическом транспорте и в дорожном хозяйстве в границах населенных пунктов поселения, организации дорожного движения, а также осуществлению иных полномочий в области использования автомобильных дорог и осуществления дорожной деятельности в соответствии с законодательством Российской Федерации | B69: 910 | C69: 04 | D69: 09 | E69: 13 | F69: 0 | G69: 01 | H69: 9Д184 | J69: =J70 -> 370 | K69: =K70 -> 392 | L69: =L70 -> 408
A70: Закупка товаров, работ и услуг для обеспечения государственных (муниципальных) нужд | B70: 910 | C70: 04 | D70: 09 | E70: 13 | F70: 0 | G70: 01 | H70: 9Д184 | I70: 200 | J70: =J71 -> 370 | K70: =K71 -> 392 | L70: =L71 -> 408
A71: Иные закупки товаров, работ и услуг для обеспечения государственных (муниципальных) нужд | B71: 910 | C71: 04 | D71: 09 | E71: 13 | F71: 0 | G71: 01 | H71: 9Д184 | I71: 240 | J71: 370 | K71: 392 | L71: 408
A72: Другие вопросы в облости национальной экономики | B72: 910 | C72: 04 | D72: 12 | J72: =J73 -> 80
A73: =A60 -> Непрограммные расходы главных распорядителей средств бюджетаАнненковского сельского поселения Ромодановского муниципального района Республики Мордовия | B73: 910 | C73: 04 | D73: 12 | E73: 89 | J73: =J74 -> 80
A74: =A61 -> Непрограммные расходы в рамках обеспечения деятельности главных распорядителей средств бюджетаАнненковского сельского поселения Ромодановского муниципального района Республики Мордовия | B74: 910 | C74: 04 | D74: 12 | E74: 89 | F74: 1 | J74: =J75 -> 80
A75: Мероприятия по землеустройству и землепользованию | B75: 910 | C75: 04 | D75: 12 | E75: 89 | F75: 1 | G75: 00 | H75: 42370 | J75: =J76 -> 80
A76: =A70 -> Закупка товаров, работ и услуг для обеспечения государственных (муниципальных) нужд | B76: 910 | C76: 04 | D76: 12 | E76: 89 | F76: 1 | G76: 00 | H76: 42370 | I76: 200 | J76: =J77 -> 80
A77: =A71 -> Иные закупки товаров, работ и услуг для обеспечения государственных (муниципальных) нужд | B77: 910 | C77: 04 | D77: 12 | E77: 89 | F77: 1 | G77: 00 | H77: 42370 | I77: 240 | J77: 80
A78: Жилищно-коммунальное хозяйство | B78: 910 | C78: 05 | J78: =J79 -> 989.5 | K78: =K79 -> 31.6 | L78: =L79 -> 19
A79: Благоустройство | B79: 910 | C79: 05 | D79: 03 | J79: =J80+J89 -> 989.5 | K79: =K80 -> 31.6 | L79: =L80 -> 19
A80: Муниципальная программа "Комплексного развития социальной инфраструктуры Анненковского сельского поселения Ромодановского муниципального района Республики Мордовия на 2018-2028 года" и с перспективой до 2030 года. | B80: 910 | C80: 05 | D80: 03 | E80: 10 | J80: =J85+J81 -> 139 | K80: =K85+K81 -> 31.6 | L80: =L81+L85 -> 19
A81: Основное мероприятия "Благоустройство территории" | B81: 910 | C81: 05 | D81: 03 | E81: 10 | F81: 0 | G81: 07 | J81: =J82 -> 88.9 | K81: =K82 -> 5 | L81: =L82 -> 5
A82: Прочие мероприятия по благоустройству | B82: 910 | C82: 05 | D82: 03 | E82: 10 | F82: 0 | G82: 07 | H82: 43040 | J82: =J83 -> 88.9 | K82: =K83 -> 5 | L82: =L83 -> 5
A83: =A87 -> Закупка товаров, работ и услуг для обеспечения государственных (муниципальных) нужд | B83: 910 | C83: 05 | D83: 03 | E83: 10 | F83: 0 | G83: 07 | H83: 43040 | I83: 200 | J83: =J84 -> 88.9 | K83: =K84 -> 5 | L83: =L84 -> 5
A84: =A88 -> Иные закупки товаров, работ и услуг для обеспечения государственных (муниципальных) нужд | B84: 910 | C84: 05 | D84: 03 | E84: 10 | F84: 0 | G84: 07 | H84: 43040 | I84: 240 | J84: 88.9 | K84: 5 | L84: 5
A85: Основное мероприятия "Освещение территории сельского поселения" | B85: 910 | C85: 05 | D85: 03 | E85: 10 | F85: 0 | G85: 08 | J85: =J86 -> 50.1 | K85: =K86 -> 26.6 | L85: =L86 -> 14
A86: Уличное освещение | B86: 910 | C86: 05 | D86: 03 | E86: 10 | F86: 0 | G86: 08 | H86: 43010 | J86: =J87 -> 50.1 | K86: =K87 -> 26.6 | L86: =L87 -> 14
A87: Закупка товаров, работ и услуг для обеспечения государственных (муниципальных) нужд | B87: 910 | C87: 05 | D87: 03 | E87: 10 | F87: 0 | G87: 08 | H87: 43010 | I87: 200 | J87: =J88 -> 50.1 | K87: =K88 -> 26.6 | L87: =L88 -> 14
A88: Иные закупки товаров, работ и услуг для обеспечения государственных (муниципальных) нужд | B88: 910 | C88: 05 | D88: 03 | E88: 10 | F88: 0 | G88: 08 | H88: 43010 | I88: 240 | J88: 50.1 | K88: 26.6 | L88: 14
A89: =A73 -> Непрограммные расходы главных распорядителей средств бюджетаАнненковского сельского поселения Ромодановского муниципального района Республики Мордовия | B89: 910 | C89: 05 | D89: 03 | E89: 89 | J89: =J90 -> 850.5
A90: =A74 -> Непрограммные расходы в рамках обеспечения деятельности главных распорядителей средств бюджетаАнненковского сельского поселения Ромодановского муниципального района Республики Мордовия | B90: 910 | C90: 05 | D90: 03 | E90: 89 | F90: 1 | J90: =J91+J94 -> 850.5
A91: ='[1]Приложение 2'!$A$104 -> Организация и содержание мест захоронения | B91: 910 | C91: 05 | D91: 03 | E91: 89 | F91: 1 | G91: 00 | H91: 43030 | J91: =J92 -> 172.5
A92: =A87 -> Закупка товаров, работ и услуг для обеспечения государственных (муниципальных) нужд | B92: 910 | C92: 05 | D92: 03 | E92: 89 | F92: 1 | G92: 00 | H92: 43030 | I92: 200 | J92: =J93 -> 172.5
A93: =A88 -> Иные закупки товаров, работ и услуг для обеспечения государственных (муниципальных) нужд | B93: 910 | C93: 05 | D93: 03 | E93: 89 | F93: 1 | G93: 00 | H93: 43030 | I93: 240 | J93: 172.5
A94: Решение вопросов местного значения,осуществляемое с провлечением средств самообложения граждан | B94: 910 | C94: 05 | D94: 03 | E94: 89 | F94: 1 | G94: 00 | H94: 78090 | J94: =J95 -> 678
A95: =A92 -> Закупка товаров, работ и услуг для обеспечения государственных (муниципальных) нужд | B95: 910 | C95: 05 | D95: 03 | E95: 89 | F95: 1 | G95: 00 | H95: 78090 | I95: 200 | J95: =J96 -> 678
A96: =A93 -> Иные закупки товаров, работ и услуг для обеспечения государственных (муниципальных) нужд | B96: 910 | C96: 05 | D96: 03 | E96: 89 | F96: 1 | G96: 00 | H96: 78090 | I96: 240 | J96: 678
A97: Социальная политика | B97: 910 | C97: 10 | J97: =J98 -> 138.4 | K97: =K98 -> 138.4 | L97: =L99 -> 138.4
A98: Пенсионное обеспечение | B98: 910 | C98: 10 | D98: 01 | J98: =J99 -> 138.4 | K98: =K99 -> 138.4 | L98: =L99 -> 138.4
A99: Непрограммные расходы главных распорядителей средств бюджетаАнненковского сельского поселения Ромодановского муниципального района Республики Мордовия | B99: 910 | C99: 10 | D99: 01 | E99: 89 | J99: =J100 -> 138.4 | K99: =K100 -> 138.4 | L99: =L100 -> 138.4
A100: Непрограммные расходы в рамках обеспечения деятельности главных распорядителей средств бюджетаАнненковского сельского поселения Ромодановского муниципального района Республики Мордовия | B100: 910 | C100: 10 | D100: 01 | E100: 89 | F100: 1 | J100: =J101 -> 138.4 | K100: =K101 -> 138.4 | L100: =L101 -> 138.4
...

Sheet Приложение 3
H1: Приложение 3 к решению Совета депутатов Анненковского сельского поселения Ромодановского муниципального района Республики Мордовия «О внесении изменений в решение Совета депутатов Анненковского сельского поселения Ромодановского муниципального района Республики Мордовия от 26 декабря 2024 г № 21 «О бюджете Анненковского сельского поселения Ромодановского муниципального района Республики Мордовия на 2025 год и на плановый период 2026 и 2027 годов» Приложение 4 к решению Совета депутатов Анненковского сельского поселения Ромодановского муниципального района Республики Мордовия «О бюджете Анненковского сельского поселения Ромодановского муниципального района Республики Мордовия на 2025 год и на плановый период 2026 и 2027 годов»
A2: РАСПРЕДЕЛЕНИЕ БЮДЖЕТНЫХ АССИГНОВАНИЙ БЮДЖЕТА АННЕНКОВСКОГО СЕЛЬСКОГО ПОСЕЛЕНИЯ РОМОДАНОВСКОГО МУНИЦИПАЛЬНОГО РАЙОНА РЕСПУБЛИКИ МОРДОВИЯ ПО РАЗДЕЛАМ, ПОДРАЗДЕЛАМ, ЦЕЛЕВЫМ СТАТЬЯМ (МУНИЦИПАЛЬНЫМ ПРОГРАММАМ И НЕПРОГРАММНЫМ НАПРАВЛЕНИЯМ ДЕЯТЕЛЬНОСТИ), ГРУППАМ И ПОДГРУППАМ ВИДОВ РАСХОДОВ КЛАССИФИКАЦИИ РАСХОДОВ БЮДЖЕТОВ НА 2025 ГОД И НА ПЛАНОВЫЙ ПЕРИОД 2026 И 2027 ГОДОВ
H3: (тыс. рублей)
A4: Наименование | B4: Рз | C4: Прз | D4: Цср | H4: Вр | I4: Сумма
I5: 2025 год | J5: 2026 год | K5: 2027 год
A6: 1 | B6: 2 | C6: 3 | D6: 4 | E6: 5 | F6: 6 | G6: 7 | H6: 8 | I6: 9 | J6: 10 | K6: 11
A7: ВСЕГО | I7: =I8+I49+I65+I78+I97+I104+I43+I58+I37 -> 3383.6 | J7: =J8+J49+J65+J78+J97+J111+J104 -> 2011.3 | K7: =K8+K49+K65+K78+K97+K111+K104 -> 2129.6
A8: Общегосударственные вопросы | B8: 01 | I8: =I9+I18 -> 1587 | J8: =J9+J18+J37 -> 1226.4 | K8: =K9+K18+K37 -> 1281.2
A9: Функционирование высшего должностного лица субъекта Российской Федерации и муниципального образования | B9: 01 | C9: 02 | I9: =I10 -> 176.4 | J9: =J10 -> 414.3 | K9: =K10 -> 360.4
A10: ='Приложение 2'!A10 -> Обеспечение деятельности Администрации Анненковского сельского поселения Ромодановского муниципального района Республики Мордовия | B10: 01 | C10: 02 | D10: 65 | I10: =I11 -> 176.4 | J10: =J11 -> 414.3 | K10: =K11 -> 360.4
A11: Высшее должностное лицо | B11: 01 | C11: 02 | D11: 65 | E11: 1 | I11: =I12+I15 -> 176.4 | J11: =J12 -> 414.3 | K11: =K12 -> 360.4
A12: Расходы на выплаты по оплате труда высшего должностного лица | B12: 01 | C12: 02 | D12: 65 | E12: 1 | F12: 00 | G12: 41150 | I12: =I13 -> 161.2 | J12: =J13 -> 414.3 | K12: =K13 -> 360.4
A13: Расходы на выплаты персоналу в целях обеспечения выполнения функций государственными (муниципальными) органами, казенными учреждениями, органами управления государственными внебюджетными фондами | B13: 01 | C13: 02 | D13: 65 | E13: 1 | F13: 00 | G13: 41150 | H13: 100 | I13: =I14 -> 161.2 | J13: =J14 -> 414.3 | K13: =K14 -> 360.4
A14: Расходы на выплаты персоналу государственных (муниципальных) органов | B14: 01 | C14: 02 | D14: 65 | E14: 1 | F14: 00 | G14: 41150 | H14: 120 | I14: ='Приложение 2'!J14 -> 161.2 | J14: ='Приложение 2'!K14 -> 414.3 | K14: ='Приложение 2'!L14 -> 360.4
A15: ='Приложение 2'!A15 -> Субсидии на со финансирование расходных обязательств по финансовому обеспечению деятельности органов местного самоуправления и муниципальных учреждений | B15: 01 | C15: 02 | D15: 65 | E15: 1 | F15: 00 | G15: 44205 | I15: =I16 -> 15.2
A16: ='Приложение 2'!A16 -> Расходы на выплаты персоналу государственных (муниципальных) органов | B16: 01 | C16: 02 | D16: 65 | E16: 1 | F16: 00 | G16: 44205 | H16: 100 | I16: =I17 -> 15.2
A17: ='Приложение 2'!A17 -> Расходы на выплаты персоналу государственных (муниципальных) органов | B17: 01 | C17: 05 | D17: 65 | E17: 1 | F17: 00 | G17: 44205 | H17: 120 | I17: ='Приложение 2'!J17 -> 15.2
A18: ='Приложение 2'!A18 -> Функционирование Правительства Российской Федерации, высших исполнительных органов субъектов Российской Федерации, местных администраций | B18: 01 | C18: 04 | I18: =I19+I32 -> 1410.6 | J18: =J19+J32 -> 807.1 | K18: =K19+K32 -> 915.8
A19: ='Приложение 2'!A19 -> Обеспечение деятельности Администрации Анненковского сельского поселения Ромодановского муниципального района Республики Мордовия | B19: 01 | C19: 04 | D19: 65 | I19: =I20 -> 1410 | J19: =J20 -> 806.5 | K19: =K20 -> 915.2
A20: ='Приложение 2'!A20 -> Расходы в рамках обеспечения деятельности Администрации Анненковского сельского поселения | B20: 01 | C20: 04 | D20: 65 | E20: 2 | I20: =I21+I24+I29 -> 1410 | J20: =J21+J24 -> 806.5 | K20: =K21+K24 -> 915.2
A21: Расходы на выплаты по оплате труда работников органов местного самоуправления | B21: 01 | C21: 04 | D21: 65 | E21: 2 | F21: 00 | G21: 41110 | I21: =I22 -> 702.4 | J21: =J22 -> 605.9 | K21: =K22 -> 605.9
A22: Расходы на выплаты персоналу в целях обеспечения выполнения функций государственными (муниципальными) органами, казенными учреждениями, органами управления государственными внебюджетными фондами | B22: 01 | C22: 04 | D22: 65 | E22: 2 | F22: 00 | G22: 41110 | H22: 100 | I22: =I23 -> 702.4 | J22: =J23 -> 605.9 | K22: =K23 -> 605.9
A23: Расходы на выплаты персоналу государственных (муниципальных) органов | B23: 01 | C23: 04 | D23: 65 | E23: 2 | F23: 00 | G23: 41110 | H23: 120 | I23: ='Приложение 2'!J23 -> 702.4 | J23: ='Приложение 2'!K23 -> 605.9 | K23: ='Приложение 2'!L23 -> 605.9
A24: Расходы на обеспечение выполнения функций органов местного самоуправления | B24: 01 | C24: 04 | D24: 65 | E24: 2 | F24: 00 | G24: 41120 | I24: =+I25+I27 -> 492.6 | J24: =+J25+J27 -> 200.6 | K24: =+K25+K27 -> 309.3
A25: Закупка товаров, работ и услуг для обеспечения государственных (муниципальных) нужд | B25: 01 | C25: 04 | D25: 65 | E25: 2 | F25: 00 | G25: 41120 | H25: 200 | I25: =I26 -> 488 | J25: =J26 -> 195.6 | K25: =K26 -> 304.3
A26: Иные закупки товаров, работ и услуг для обеспечения государственных (муниципальных) нужд | B26: 01 | C26: 04 | D26: 65 | E26: 2 | F26: 00 | G26: 41120 | H26: 240 | I26: ='Приложение 2'!J26 -> 488 | J26: ='Приложение 2'!K26 -> 195.6 | K26: ='Приложение 2'!L26 -> 304.3
A27: Иные бюджетные ассигнования | B27: 01 | C27: 04 | D27: 65 | E27: 2 | F27: 00 | G27: 41120 | H27: 800 | I27: =I28 -> 4.6 | J27: =J28 -> 5 | K27: =K28 -> 5
A28: Уплата налогов, сборов и иных платежей | B28: 01 | C28: 04 | D28: 65 | E28: 2 | F28: 00 | G28: 41120 | H28: 850 | I28: ='Приложение 2'!J28 -> 4.6 | J28: ='Приложение 2'!K28 -> 5 | K28: ='Приложение 2'!L28 -> 5
A29: ='Приложение 2'!A29 -> Субсидии на со финансирование расходных обязательств по финансовому обеспечению деятельности органов местного самоуправления и муниципальных учреждений | B29: 01 | C29: 04 | D29: 65 | E29: 2 | F29: 00 | G29: 44205 | I29: =I30 -> 215
A30: ='Приложение 2'!A30 -> Расходы на выплаты персоналу в целях обеспечения выполнения функций государственными (муниципальными) органами, казенными учреждениями, органами управления государственными внебюджетными фондами | B30: 01 | C30: 04 | D30: 65 | E30: 2 | F30: 00 | G30: 44205 | H30: 100 | I30: =I31 -> 215
A31: ='Приложение 2'!A31 -> Расходы на выплаты персоналу государственных (муниципальных) органов | B31: 01 | C31: 04 | D31: 65 | E31: 2 | F31: 00 | G31: 44205 | H31: 120 | I31: ='Приложение 2'!J31 -> 215
A32: ='Приложение 2'!A32 -> Непрограммные расходы главных распорядителей средств бюджета Анненковского сельского поселения Ромодановского муниципального района Республики Мордовия | B32: 01 | C32: 04 | D32: 89 | I32: =I33 -> 0.6 | J32: =J33 -> 0.6 | K32: =K33 -> 0.6
A33: ='Приложение 2'!A33 -> Непрограммные расходы в рамках обеспечения деятельности главных распорядителей средств бюджета Анненковского сельского поселения Ромодановского муниципального района Республики Мордовия | B33: 01 | C33: 04 | D33: 89 | E33: 1 | I33: =I34 -> 0.6 | J33: =J34 -> 0.6 | K33: =K34 -> 0.6
A34: ='Приложение 2'!A34 -> Осуществление государственных полномочий Республики Мордовия по определению перечня должностных лиц, уполномоченных составлять протоколы об административных правонарушениях, предусмотренных Законом Республики Мордовия от 15 июня 2015 года № 38-З "Об административной ответственности на территории Республики Мордовия" | B34: 01 | C34: 04 | D34: 89 | E34: 1 | F34: 00 | G34: 77150 | I34: =I35 -> 0.6 | J34: =J35 -> 0.6 | K34: =K35 -> 0.6
A35: Закупка товаров, работ и услуг для обеспечения государственных (муниципальных) нужд | B35: 01 | C35: 04 | D35: 89 | E35: 1 | F35: 00 | G35: 77150 | H35: 200 | I35: =I36 -> 0.6 | J35: =J36 -> 0.6 | K35: =K36 -> 0.6
A36: Иные закупки товаров, работ и услуг для обеспечения государственных (муниципальных) нужд | B36: 01 | C36: 04 | D36: 89 | E36: 1 | F36: 00 | G36: 77150 | H36: 240 | I36: ='Приложение 2'!J36 -> 0.6 | J36: ='Приложение 2'!K36 -> 0.6 | K36: ='Приложение 2'!L36 -> 0.6
A37: Резервные фонды | B37: 01 | C37: 11 | I37: =I38 -> 5 | J37: =J38 -> 5 | K37: =K38 -> 5
A38: =A32 -> Непрограммные расходы главных распорядителей средств бюджета Анненковского сельского поселения Ромодановского муниципального района Республики Мордовия | B38: 01 | C38: 11 | D38: 89 | I38: =I39 -> 5 | J38: =J39 -> 5 | K38: =K39 -> 5
A39: =A33 -> Непрограммные расходы в рамках обеспечения деятельности главных распорядителей средств бюджета Анненковского сельского поселения Ромодановского муниципального района Республики Мордовия | B39: 01 | C39: 11 | D39: 89 | E39: 1 | I39: =I40 -> 5 | J39: =J40 -> 5 | K39: =K40 -> 5
A40: ='Приложение 2'!A40 -> Резервный фонд аминистрации Анненковского сельского поселени Ромодановского муниципального района Республики Мордовия | B40: 01 | C40: 11 | D40: 89 | E40: 1 | F40: 00 | G40: 41180 | I40: =I42 -> 5 | J40: =J42 -> 5 | K40: =K42 -> 5
A41: Иные бюджетные ассигнования | B41: 01 | C41: 11 | D41: 89 | E41: 1 | F41: 00 | G41: 41180 | H41: 800 | I41: =I42 -> 5 | J41: =J42 -> 5 | K41: =K42 -> 5
A42: Резервные средства | B42: 01 | C42: 11 | D42: 89 | E42: 1 | F42: 00 | G42: 41180 | H42: 870 | I42: ='Приложение 2'!J42 -> 5 | J42: ='Приложение 2'!K42 -> 5 | K42: ='Приложение 2'!L42 -> 5
A43: ='Приложение 2'!A43 -> Другие общегосударственные вопросы | B43: 01 | C43: 13 | I43: =I44 -> 12
A44: ='Приложение 2'!A44 -> Непрограммные расходы главных распорядителей средств бюджетаАнненковского сельского поселения Ромодановского муниципального района Республики Мордовия | B44: 01 | C44: 13 | D44: 89 | I44: =I45 -> 12
A45: ='Приложение 2'!A45 -> Непрограммные расходы в рамках обеспечения деятельности главных распорядителей средств бюджетаАнненковского сельского поселения Ромодановского муниципального района Республики Мордовия | B45: 01 | C45: 13 | D45: 89 | E45: 1 | I45: =I46 -> 12
A46: ='Приложение 2'!A46 -> Мероприятия, связанные с муниципальным управлением | B46: 01 | C46: 13 | D46: 89 | E46: 1 | F46: 00 | G46: 41210 | I46: =I47 -> 12
A47: ='Приложение 2'!A47 -> Иные бюджетные ассигнования | B47: 01 | C47: 13 | D47: 89 | E47: 1 | F47: 00 | G47: 41210 | H47: 800 | I47: =I48 -> 12
A48: ='Приложение 2'!A48 -> Резервные средства | B48: 01 | C48: 13 | D48: 89 | E48: 1 | F48: 00 | G48: 41210 | H48: 870 | I48: ='Приложение 2'!J48 -> 12
A49: Национальная оборона | B49: 02 | I49: =I50 -> 159 | J49: =J50 -> 173.9 | K49: =K50 -> 180.2
A50: Мобилизационная и вневойсковая подготовка | B50: 02 | C50: 03 | I50: =I51 -> 159 | J50: =J51 -> 173.9 | K50: =K51 -> 180.2
A51: ='Приложение 2'!A51 -> Непрограммные расходы главных распорядителей средств бюджетаАнненковского сельского поселения Ромодановского муниципального района Республики Мордовия | B51: 02 | C51: 03 | D51: 89 | I51: =I52 -> 159 | J51: =J52 -> 173.9 | K51: =K52 -> 180.2
A52: ='Приложение 2'!A52 -> Непрограммные расходы в рамках обеспечения деятельности главных распорядителей средств бюджетаАнненковского сельского поселения Ромодановского муниципального района Республики Мордовия | B52: 02 | C52: 03 | D52: 89 | E52: 1 | I52: =I53 -> 159 | J52: =J53 -> 173.9 | K52: =K53 -> 180.2
A53: ='Приложение 2'!A53 -> Осуществление государственных полномочий Российской Федерации по воинскому учету в поселениях, на территориях которых отсутствуют структурные подразделения военных комиссариатов | B53: 02 | C53: 03 | D53: 89 | E53: 1 | F53: 00 | G53: 51180 | I53: =I56+I54 -> 159 | J53: =J56+J54 -> 173.9 | K53: =K56+K54 -> 180.2
A54: Расходы на выплаты персоналу в целях обеспечения выполнения функций государственными (муниципальными) органами, казенными учреждениями, органами управления государственными внебюджетными фондами | B54: 02 | C54: 03 | D54: 89 | E54: 1 | F54: 00 | G54: 51180 | H54: 100 | I54: =I55 -> 154 | J54: =J55 -> 168.9 | K54: =K55 -> 175.2
A55: Расходы на выплаты персоналу государственных (муниципальных) органов | B55: 02 | C55: 03 | D55: 89 | E55: 1 | F55: 00 | G55: 51180 | H55: 120 | I55: ='Приложение 2'!J55 -> 154 | J55: ='Приложение 2'!K55 -> 168.9 | K55: ='Приложение 2'!L55 -> 175.2
A56: Закупка товаров, работ и услуг для обеспечения государственных (муниципальных) нужд | B56: 02 | C56: 03 | D56: 89 | E56: 1 | F56: 00 | G56: 51180 | H56: 200 | I56: =I57 -> 5 | J56: =J57 -> 5 | K56: =K57 -> 5
A57: Иные закупки товаров, работ и услуг для обеспечения государственных (муниципальных) нужд | B57: 02 | C57: 03 | D57: 89 | E57: 1 | F57: 00 | G57: 51180 | H57: 240 | I57: ='Приложение 2'!J57 -> 5 | J57: ='Приложение 2'!K57 -> 5 | K57: ='Приложение 2'!L57 -> 5
A58: ='Приложение 2'!A58 -> Национальная безопасность и правоохранительная деятельность | B58: 03 | I58: =I59 -> 41.1
A59: ='Приложение 2'!A59 -> Защита населения и территории от чрезвычайных ситуаций природного и техногенного характера, пожарная безопасность | B59: 03 | C59: 10 | I59: =I60 -> 41.1
A60: ='Приложение 2'!A60 -> Непрограммные расходы главных распорядителей средств бюджетаАнненковского сельского поселения Ромодановского муниципального района Республики Мордовия | B60: 03 | C60: 10 | D60: 89 | I60: =I61 -> 41.1
A61: ='Приложение 2'!A61 -> Непрограммные расходы в рамках обеспечения деятельности главных распорядителей средств бюджетаАнненковского сельского поселения Ромодановского муниципального района Республики Мордовия | B61: 03 | C61: 10 | D61: 89 | E61: 1 | I61: =I62 -> 41.1
A62: ='Приложение 2'!A62 -> Выполнение работ на гидротехнических сооружениях по пропуску весеннего паводка | B62: 03 | C62: 10 | D62: 89 | E62: 1 | F62: 00 | G62: 80190 | I62: =I63 -> 41.1
A63: ='Приложение 2'!A63 -> Закупка товаров, работ и услуг для обеспечения государственных (муниципальных) нужд | B63: 03 | C63: 10 | D63: 89 | E63: 1 | F63: 00 | G63: 80190 | H63: 200 | I63: =I64 -> 41.1
A64: ='Приложение 2'!A64 -> Иные закупки товаров, работ и услуг для обеспечения государственных (муниципальных) нужд | B64: 03 | C64: 10 | D64: 89 | E64: 1 | F64: 00 | G64: 80190 | H64: 240 | I64: ='Приложение 2'!J64 -> 41.1
A65: Национальная экономика | B65: 04 | I65: =I66+I72 -> 450 | J65: =J66 -> 392 | K65: =K66 -> 408
A66: Дорожное хозяйство (дорожные фонды) | B66: 04 | C66: 09 | I66: =I67 -> 370 | J66: =J67 -> 392 | K66: =K67 -> 408
A67: Муниципальная программа «Комплексного развития транспортной инфраструктуры Анненковского сельского поселения Ромодановского муниципального района Республики Мордовия на 2018- 2028года"и с перспективой до 2030 года. | B67: 04 | C67: 09 | D67: 13 | I67: =I68 -> 370 | J67: =J68 -> 392 | K67: =K68 -> 408
A68: ='Приложение 2'!A68 -> Основное мероприятия " Ремонт и содержание дорог в границах поселения,поддержание дорожного полотна в работоспособном состоянии. | B68: 04 | C68: 09 | D68: 13 | E68: 0 | F68: 01 | I68: =I69 -> 370 | J68: =J69 -> 392 | K68: =K69 -> 408
A69: ='Приложение 2'!A69 -> Иные межбюджетные трансферты на осуществление полномочий по дорожной деятельности в отношении автомобильных дорог местного значения в границах населенных пунктов поселения и обеспечению безопасности дорожного движения на них, включая создание и обеспечение функционирования парковок (парковочных мест), осуществлению муниципального контроля на автомобильном транспорте, городском наземном электрическом транспорте и в дорожном хозяйстве в границах населенных пунктов поселения, организации дорожного движения, а также осуществлению иных полномочий в области использования автомобильных дорог и осуществления дорожной деятельности в соответствии с законодательством Российской Федерации | B69: 04 | C69: 09 | D69: 13 | E69: 0 | F69: 01 | G69: 9Д184 | I69: =I70 -> 370 | J69: =J70 -> 392 | K69: =K70 -> 408
A70: Закупка товаров, работ и услуг для обеспечения государственных (муниципальных) нужд | B70: 04 | C70: 09 | D70: 13 | E70: 0 | F70: 01 | G70: 9Д184 | H70: 200 | I70: =I71 -> 370 | J70: =J71 -> 392 | K70: =K71 -> 408
A71: Иные закупки товаров, работ и услуг для обеспечения государственных (муниципальных) нужд | B71: 04 | C71: 09 | D71: 13 | E71: 0 | F71: 01 | G71: 9Д184 | H71: 240 | I71: ='Приложение 2'!J71 -> 370 | J71: ='Приложение 2'!K71 -> 392 | K71: ='Приложение 2'!L71 -> 408
A72: ='Приложение 2'!A72 -> Другие вопросы в облости национальной экономики | B72: 04 | C72: 12 | I72: =I73 -> 80
A73: ='Приложение 2'!A73 -> Непрограммные расходы главных распорядителей средств бюджетаАнненковского сельского поселения Ромодановского муниципального района Республики Мордовия | B73: 04 | C73: 12 | D73: 89 | I73: =I74 -> 80
A74: ='Приложение 2'!A74 -> Непрограммные расходы в рамках обеспечения деятельности главных распорядителей средств бюджетаАнненковского сельского поселения Ромодановского муниципального района Республики Мордовия | B74: 04 | C74: 12 | D74: 89 | E74: 1 | I74: =I75 -> 80
A75: ='Приложение 2'!A75 -> Мероприятия по землеустройству и землепользованию | B75: 04 | C75: 12 | D75: 89 | E75: 1 | F75: 00 | G75: 42370 | I75: =I76 -> 80
A76: ='Приложение 2'!A76 -> Закупка товаров, работ и услуг для обеспечения государственных (муниципальных) нужд | B76: 04 | C76: 12 | D76: 89 | E76: 1 | F76: 00 | G76: 42370 | H76: 200 | I76: =I77 -> 80
A77: ='Приложение 2'!A77 -> Иные закупки товаров, работ и услуг для обеспечения государственных (муниципальных) нужд | B77: 04 | C77: 12 | D77: 89 | E77: 1 | F77: 00 | G77: 42370 | H77: 240 | I77: ='Приложение 2'!J77 -> 80
A78: Жилищно-коммунальное хозяйство | B78: 05 | I78: =I79 -> 989.5 | J78: =J79 -> 31.6 | K78: =K79 -> 19
A79: Благоустройство | B79: 05 | C79: 03 | I79: =I80+I89 -> 989.5 | J79: =J80 -> 31.6 | K79: =K80 -> 19
A80: ='Приложение 2'!A80 -> Муниципальная программа "Комплексного развития социальной инфраструктуры Анненковского сельского поселения Ромодановского муниципального района Республики Мордовия на 2018-2028 года" и с перспективой до 2030 года. | B80: 05 | C80: 03 | D80: 10 | I80: =I85+I81 -> 139 | J80: =J85+J81 -> 31.6 | K80: =K86+K81 -> 19
A81: ='Приложение 2'!A81 -> Основное мероприятия "Благоустройство территории" | B81: 05 | C81: 03 | D81: 10 | E81: 0 | F81: 07 | I81: =I82 -> 88.9 | J81: =J82 -> 5 | K81: =K82 -> 5
A82: ='Приложение 2'!A82 -> Прочие мероприятия по благоустройству | B82: 05 | C82: 03 | D82: 10 | E82: 0 | F82: 07 | G82: 43040 | I82: =I83 -> 88.9 | J82: =J83 -> 5 | K82: =K83 -> 5
A83: ='Приложение 2'!A83 -> Закупка товаров, работ и услуг для обеспечения государственных (муниципальных) нужд | B83: 05 | C83: 03 | D83: 10 | E83: 0 | F83: 07 | G83: 43040 | H83: 200 | I83: =I84 -> 88.9 | J83: =J84 -> 5 | K83: =K84 -> 5
A84: ='Приложение 2'!A84 -> Иные закупки товаров, работ и услуг для обеспечения государственных (муниципальных) нужд | B84: 05 | C84: 03 | D84: 10 | E84: 0 | F84: 07 | G84: 43040 | H84: 240 | I84: ='Приложение 2'!J84 -> 88.9 | J84: ='Приложение 2'!K84 -> 5 | K84: ='Приложение 2'!L84 -> 5
A85: ='Приложение 2'!A85 -> Основное мероприятия "Освещение территории сельского поселения" | B85: 05 | C85: 03 | D85: 10 | E85: 0 | F85: 08 | I85: =I86 -> 50.1 | J85: =J86 -> 26.6 | K85: =K86 -> 14
A86: Уличное освещение | B86: 05 | C86: 03 | D86: 10 | E86: 0 | F86: 08 | G86: 43010 | I86: =I87 -> 50.1 | J86: =J87 -> 26.6 | K86: =K87 -> 14
A87: Закупка товаров, работ и услуг для обеспечения государственных (муниципальных) нужд | B87: 05 | C87: 03 | D87: 10 | E87: 0 | F87: 08 | G87: 43010 | H87: 200 | I87: =I88 -> 50.1 | J87: =J88 -> 26.6 | K87: =K88 -> 14
A88: Иные закупки товаров, работ и услуг для обеспечения государственных (муниципальных) нужд | B88: 05 | C88: 03 | D88: 10 | E88: 0 | F88: 08 | G88: 43010 | H88: 240 | I88: ='Приложение 2'!J88 -> 50.1 | J88: ='Приложение 2'!K88 -> 26.6 | K88: ='Приложение 2'!L88 -> 14
A89: ='Приложение 2'!A89 -> Непрограммные расходы главных распорядителей средств бюджетаАнненковского сельского поселения Ромодановского муниципального района Республики Мордовия | B89: 05 | C89: 03 | D89: 89 | I89: =I90 -> 850.5
A90: ='Приложение 2'!A90 -> Непрограммные расходы в рамках обеспечения деятельности главных распорядителей средств бюджетаАнненковского сельского поселения Ромодановского муниципального района Республики Мордовия | B90: 05 | C90: 03 | D90: 89 | E90: 1 | I90: =I91+I94 -> 850.5
A91: ='Приложение 2'!A91 -> Организация и содержание мест захоронения | B91: 05 | C91: 03 | D91: 89 | E91: 1 | F91: 00 | G91: 43030 | I91: =I92 -> 172.5
A92: ='Приложение 2'!A92 -> Закупка товаров, работ и услуг для обеспечения государственных (муниципальных) нужд | B92: 05 | C92: 03 | D92: 89 | E92: 1 | F92: 00 | G92: 43030 | H92: 200 | I92: =I93 -> 172.5
A93: ='Приложение 2'!A93 -> Иные закупки товаров, работ и услуг для обеспечения государственных (муниципальных) нужд | B93: 05 | C93: 03 | D93: 89 | E93: 1 | F93: 00 | G93: 43030 | H93: 240 | I93: ='Приложение 2'!J93 -> 172.5
A94: ='Приложение 2'!A94 -> Решение вопросов местного значения,осуществляемое с провлечением средств самообложения граждан | B94: 05 | C94: 03 | D94: 89 | E94: 1 | F94: 00 | G94: 78090 | I94: =I95 -> 678
A95: ='Приложение 2'!A95 -> Закупка товаров, работ и услуг для обеспечения государственных (муниципальных) нужд | B95: 05 | C95: 03 | D95: 89 | E95: 1 | F95: 00 | G95: 78090 | H95: 200 | I95: =I96 -> 678
A96: ='Приложение 2'!A96 -> Иные закупки товаров, работ и услуг для обеспечения государственных (муниципальных) нужд | B96: 05 | C96: 03 | D96: 89 | E96: 1 | F96: 00 | G96: 78090 | H96: 240 | I96: ='Приложение 2'!J96 -> 678
A97: Социальная политика | B97: 10 | I97: =I98 -> 138.4 | J97: =J98 -> 138.4 | K97: =K98 -> 138.4
A98: Пенсионное обеспечение | B98: 10 | C98: 01 | I98: =I99 -> 138.4 | J98: =J99 -> 138.4 | K98: =K99 -> 138.4
A99: ='Приложение 2'!A99 -> Непрограммные расходы главных распорядителей средств бюджетаАнненковского сельского поселения Ромодановского муниципального района Республики Мордовия | B99: 10 | C99: 01 | D99: 89 | I99: =I100 -> 138.4 | J99: =J100 -> 138.4 | K99: =K100 -> 138.4
A100: ='Приложение 2'!A100 -> Непрограммные расходы в рамках обеспечения деятельности главных распорядителей средств бюджетаАнненковского сельского поселения Ромодановского муниципального района Республики Мордовия | B100: 10 | C100: 01 | D100: 89 | E100: 1 | I100: =I101 -> 138.4 | J100: =J101 -> 138.4 | K100: =K101 -> 138.4
...

Sheet Приложение 4
I1: Приложение 4 к решению Совета депутатов Анненковского сельского поселения Ромодановского муниципального района Республики Мордовия «О внесении изменений в решение Совета депутатов Анненковского сельского поселения Ромодановского муниципального района Республики Мордовия от 26 декабря 2024 г № 21 «О бюджете Анненковского сельского поселения Ромодановского муниципального района Республики Мордовия на 2025 год и на плановый период 2026 и 2027 годов» Приложение 5 к решению Совета депутатов Анненковского сельского поселения Ромодановского муниципального района Республики Мордовия «О бюджете Анненковского сельского поселения Ромодановского муниципального района Республики Мордовия на 2025 год и на плановый период 2026 и 2027 годов»
A2: РАСПРЕДЕЛЕНИЕ БЮДЖЕТНЫХ АССИГНОВАНИЙ БЮДЖЕТА АННЕНКОВСКОГО СЕЛЬСКОГО ПОСЕЛЕНИЯ РОМОДАНОВСКОГО МУНИЦИПАЛЬНОГО РАЙОНА РЕСПУБЛИКИ МОРДОВИЯ ПО ЦЕЛЕВЫМ СТАТЬЯМ (МУНИЦИПАЛЬНЫМ ПРОГРАММАМ И НЕПРОГРАММНЫМ НАПРАВЛЕНИЯМ ДЕЯТЕЛЬНОСТИ), ГРУППАМ И ПОДГРУППАМ ВИДОВ РАСХОДОВ, РАЗДЕЛАМ И ПОДРАЗДЕЛАМ КЛАССИФИКАЦИИ РАСХОДОВ БЮДЖЕТОВ НА 2025 ГОД И НА ПЛАНОВЫЙ ПЕРИОД 2026 И 2027 ГОДОВ
I3: (тыс. рублей)
A4: Наименование | B4: Цср | F4: ВР | G4: Рз | H4: Прз | I4: Адм | J4: Сумма
J5: 2025 год | K5: 2026 год | L5: 2027 год
A6: 1 | B6: 2 | C6: 3 | D6: 4 | E6: 5 | F6: 6 | G6: 7 | H6: 8 | I6: 9 | J6: 10 | K6: 11 | L6: 12
A7: ВСЕГО | J7: =J39+J8+J27+J94 -> 3383.6 | K7: =K39+K8+K27+K94 -> 2011.3 | L7: =L39+L8+L27+L94 -> 2129.6
A8: ='Приложение 2'!A80 -> Муниципальная программа "Комплексного развития социальной инфраструктуры Анненковского сельского поселения Ромодановского муниципального района Республики Мордовия на 2018-2028 года" и с перспективой до 2030 года. | B8: 10 | J8: =J18+J9 -> 139 | K8: =K18+K9 -> 31.6 | L8: =+L18+L9 -> 19
A9: ='Приложение 2'!A81 -> Основное мероприятия "Благоустройство территории" | B9: 10 | C9: 0 | D9: 07 | J9: =J10 -> 88.9 | K9: =K10 -> 5 | L9: =L10 -> 5
A10: ='Приложение 2'!A82 -> Прочие мероприятия по благоустройству | B10: 10 | C10: 0 | D10: 07 | E10: 43040 | J10: =J11 -> 88.9 | K10: =K11 -> 5 | L10: =L11 -> 5
A11: ='Приложение 2'!A83 -> Закупка товаров, работ и услуг для обеспечения государственных (муниципальных) нужд | B11: 10 | C11: 0 | D11: 07 | E11: 43040 | F11: 200 | J11: =J12 -> 88.9 | K11: =K12 -> 5 | L11: =L12 -> 5
A12: ='Приложение 2'!A84 -> Иные закупки товаров, работ и услуг для обеспечения государственных (муниципальных) нужд | B12: 10 | C12: 0 | D12: 07 | E12: 43040 | F12: 240 | J12: =J13 -> 88.9 | K12: =K13 -> 5 | L12: =L13 -> 5
A13: ='Приложение 2'!A78 -> Жилищно-коммунальное хозяйство | B13: 10 | C13: 0 | D13: 07 | E13: 43040 | F13: 240 | G13: 05 | J13: =J14 -> 88.9 | K13: =K14 -> 5 | L13: =L14 -> 5
A14: ='Приложение 2'!A79 -> Благоустройство | B14: 10 | C14: 0 | D14: 07 | E14: 43040 | F14: 240 | G14: 05 | H14: 03 | J14: =J15 -> 88.9 | K14: =K15 -> 5 | L14: =L15 -> 5
A15: =A24 -> Администрация Анненковского сельского поселения Ромодановского муниципального района Республики Мордовия | B15: 10 | C15: 0 | D15: 07 | E15: 43040 | F15: 240 | G15: 05 | H15: 03 | I15: 910 | J15: ='Приложение 2'!J84 -> 88.9 | K15: ='Приложение 2'!K84 -> 5 | L15: ='Приложение 2'!L84 -> 5
A16: ='Приложение 2'!A7 -> Администрация Анненковского сельского поселения Ромодановского муниципального района Республики Мордовия | B16: 10 | C16: 0 | D16: 07 | E16: 43040 | F16: 240 | G16: 05 | H16: 03 | I16: 910 | J16: =J14 -> 88.9 | K16: =K14 -> 5 | L16: =L14 -> 5
A17: ='Приложение 2'!A7 -> Администрация Анненковского сельского поселения Ромодановского муниципального района Республики Мордовия | B17: 10 | C17: 0 | D17: 07 | E17: 43040 | F17: 240 | G17: 05 | H17: 03 | I17: 910 | J17: =J14 -> 88.9 | K17: =K14 -> 5 | L17: =L14 -> 5
A18: ='Приложение 2'!A85 -> Основное мероприятия "Освещение территории сельского поселения" | B18: 10 | C18: 0 | D18: 08 | J18: =J19 -> 50.1 | K18: =K19 -> 26.6 | L18: =L19 -> 14
A19: Уличное освещение | B19: 10 | C19: 0 | D19: 08 | E19: 43010 | J19: =J20 -> 50.1 | K19: =K20 -> 26.6 | L19: =L20 -> 14
A20: Закупка товаров, работ и услуг для обеспечения государственных (муниципальных) нужд | B20: 10 | C20: 0 | D20: 08 | E20: 43010 | F20: 200 | J20: =J21 -> 50.1 | K20: =K21 -> 26.6 | L20: =L21 -> 14
A21: Иные закупки товаров, работ и услуг для обеспечения государственных (муниципальных) нужд | B21: 10 | C21: 0 | D21: 08 | E21: 43010 | F21: 240 | J21: =J22 -> 50.1 | K21: =K22 -> 26.6 | L21: =L22 -> 14
A22: Жилищно-коммунальное хозяйство | B22: 10 | C22: 0 | D22: 08 | E22: 43010 | F22: 240 | G22: 05 | J22: =J23 -> 50.1 | K22: =K23 -> 26.6 | L22: =L23 -> 14
A23: Благоустройство | B23: 10 | C23: 0 | D23: 08 | E23: 43010 | F23: 240 | G23: 05 | H23: 03 | J23: =J24 -> 50.1 | K23: =K24 -> 26.6 | L23: =L24 -> 14
A24: Администрация Анненковского сельского поселения Ромодановского муниципального района Республики Мордовия | B24: 10 | C24: 0 | D24: 08 | E24: 43010 | F24: 240 | G24: 05 | H24: 03 | I24: 910 | J24: ='Приложение 2'!J88 -> 50.1 | K24: ='Приложение 2'!K88 -> 26.6 | L24: ='Приложение 2'!L88 -> 14
A25: =A16 -> Администрация Анненковского сельского поселения Ромодановского муниципального района Республики Мордовия | B25: 10 | C25: 0 | D25: 08 | E25: 43010 | F25: 240 | G25: 05 | H25: 03 | I25: 910 | J25: ='Приложение 2'!J88 -> 50.1 | K25: ='Приложение 2'!K87 -> 26.6 | L25: ='Приложение 2'!L88 -> 14
A26: =A17 -> Администрация Анненковского сельского поселения Ромодановского муниципального района Республики Мордовия | B26: 10 | C26: 0 | D26: 08 | E26: 43010 | F26: 240 | G26: 05 | H26: 03 | I26: 910 | J26: =J23 -> 50.1 | K26: =K23 -> 26.6 | L26: =L23 -> 14
A27: ='Приложение 2'!A67 -> Муниципальная программа «Комплексного развития транспортной инфраструктуры Анненковского сельского поселения Ромодановского муниципального района Республики Мордовия на 2018- 2028 года и с перспективой до 2030 года" | B27: 13 | J27: =J28 -> 370 | K27: =K28 -> 392 | L27: =L28 -> 408
A28: ='Приложение 2'!A68 -> Основное мероприятия " Ремонт и содержание дорог в границах поселения,поддержание дорожного полотна в работоспособном состоянии. | B28: 13 | C28: 0 | D28: 01 | J28: =J29 -> 370 | K28: =K29 -> 392 | L28: =L29 -> 408
A29: ='Приложение 2'!A69 -> Иные межбюджетные трансферты на осуществление полномочий по дорожной деятельности в отношении автомобильных дорог местного значения в границах населенных пунктов поселения и обеспечению безопасности дорожного движения на них, включая создание и обеспечение функционирования парковок (парковочных мест), осуществлению муниципального контроля на автомобильном транспорте, городском наземном электрическом транспорте и в дорожном хозяйстве в границах населенных пунктов поселения, организации дорожного движения, а также осуществлению иных полномочий в области использования автомобильных дорог и осуществления дорожной деятельности в соответствии с законодательством Российской Федерации | B29: 13 | C29: 0 | D29: 01 | E29: 9Д184 | J29: =J30 -> 370 | K29: =K30 -> 392 | L29: =L30 -> 408
A30: ='Приложение 2'!A87 -> Закупка товаров, работ и услуг для обеспечения государственных (муниципальных) нужд | B30: 13 | C30: 0 | D30: 01 | E30: 9Д184 | F30: 200 | J30: =J31 -> 370 | K30: =K31 -> 392 | L30: =L31 -> 408
A31: ='Приложение 2'!A88 -> Иные закупки товаров, работ и услуг для обеспечения государственных (муниципальных) нужд | B31: 13 | C31: 0 | D31: 01 | E31: 9Д184 | F31: 240 | J31: =J32 -> 370 | K31: =K32 -> 392 | L31: =L32 -> 408
A32: ='Приложение 2'!A65 -> Национальная экономика | B32: 13 | C32: 0 | D32: 01 | E32: 9Д184 | F32: 240 | G32: 04 | J32: =J33 -> 370 | K32: =K33 -> 392 | L32: =L33 -> 408
A33: ='Приложение 2'!A66 -> Дорожное хозяйство (дорожные фонды) | B33: 13 | C33: 0 | D33: 01 | E33: 9Д184 | F33: 240 | G33: 04 | H33: 09 | J33: =J34 -> 370 | K33: =K34 -> 392 | L33: =L34 -> 408
A34: =A24 -> Администрация Анненковского сельского поселения Ромодановского муниципального района Республики Мордовия | B34: 13 | C34: 0 | D34: 01 | E34: 44102 | F34: 240 | G34: 04 | H34: 09 | I34: 910 | J34: ='Приложение 2'!J71 -> 370 | K34: ='Приложение 2'!K71 -> 392 | L34: ='Приложение 2'!L71 -> 408
A35: =A25 -> Администрация Анненковского сельского поселения Ромодановского муниципального района Республики Мордовия | B35: 13 | C35: 0 | D35: 01 | E35: 9Д184 | F35: 240 | G35: 04 | H35: 09 | I35: 910 | J35: ='Приложение 2'!J71 -> 370 | K35: ='Приложение 2'!K71 -> 392 | L35: ='Приложение 2'!L71 -> 408
A36: Администрация Анненковского сельского поселения Ромодановского муниципального района Республики Мордовия | B36: 17 | C36: 3 | D36: 02 | E36: 51180 | F36: 120 | G36: 02 | H36: 03 | I36: 910 | J36: ='Приложение 2'!J55 -> 154 | K36: ='Приложение 2'!K55 -> 168.9 | L36: ='Приложение 2'!L55 -> 175.2
A37: Администрация Анненковского сельского поселения Ромодановского муниципального района Республики Мордовия | B37: 17 | C37: 3 | D37: 02 | E37: 51180 | F37: 240 | G37: 02 | H37: 03 | I37: 910 | J37: ='Приложение 2'!J57 -> 5 | K37: ='Приложение 2'!K57 -> 5 | L37: ='Приложение 2'!L57 -> 5
A38: =A26 -> Администрация Анненковского сельского поселения Ромодановского муниципального района Республики Мордовия | B38: 13 | C38: 0 | D38: 01 | E38: 9Д184 | F38: 240 | G38: 04 | H38: 09 | I38: 910 | J38: =J33 -> 370 | K38: =K33 -> 392 | L38: =L33 -> 408
A39: ='Приложение 2'!A10 -> Обеспечение деятельности Администрации Анненковского сельского поселения Ромодановского муниципального района Республики Мордовия | B39: 65 | J39: =J40+J70+J63 -> 1586.4 | K39: =K40+K70 -> 1268.3 | L39: =L40+L70 -> 1377
A40: Высшее должностное лицо | B40: 65 | C40: 1 | J40: =J41+J57 -> 176.4 | K40: =K41+K49 -> 461.8 | L40: =L41+L49 -> 461.8
A41: Расходы на выплаты по оплате труда высшего должностного лица | B41: 65 | C41: 1 | D41: 00 | E41: 41150 | J41: =J42 -> 161.2 | K41: =K42 -> 414.3 | L41: =L42 -> 360.4
A42: Расходы на выплаты персоналу в целях обеспечения выполнения функций государственными (муниципальными) органами, казенными учреждениями, органами управления государственными внебюджетными фондами | B42: 65 | C42: 1 | D42: 00 | E42: 41150 | F42: 100 | J42: =J43 -> 161.2 | K42: =K43 -> 414.3 | L42: =L43 -> 360.4
A43: Расходы на выплаты персоналу государственных (муниципальных) органов | B43: 65 | C43: 1 | D43: 00 | E43: 41150 | F43: 120 | J43: =J44 -> 161.2 | K43: =K44 -> 414.3 | L43: =L44 -> 360.4
A44: Общегосударственные вопросы | B44: 65 | C44: 1 | D44: 00 | E44: 41150 | F44: 120 | G44: 01 | J44: =J45 -> 161.2 | K44: =K45 -> 414.3 | L44: =L45 -> 360.4
A45: Функционирование высшего должностного лица субъекта Российской Федерации и муниципального образования | B45: 65 | C45: 1 | D45: 00 | E45: 41150 | F45: 120 | G45: 01 | H45: 02 | J45: =J46 -> 161.2 | K45: =K46 -> 414.3 | L45: =L46 -> 360.4
A46: Администрация Анненковского сельского поселения Ромодановского муниципального района Республики Мордовия | B46: 65 | C46: 1 | D46: 00 | E46: 41150 | F46: 120 | G46: 01 | H46: 02 | I46: 910 | J46: ='Приложение 2'!J14 -> 161.2 | K46: ='Приложение 2'!K14 -> 414.3 | L46: ='Приложение 2'!L14 -> 360.4
A47: =A55 -> Администрация Анненковского сельского поселения Ромодановского муниципального района Республики Мордовия | B47: 65 | C47: 1 | D47: 00 | E47: 41150 | F47: 120 | G47: 01 | H47: 02 | I47: 910 | J47: =J45 -> 161.2 | K47: =K45 -> 414.3 | L47: =L45 -> 360.4
A48: =A38 -> Администрация Анненковского сельского поселения Ромодановского муниципального района Республики Мордовия | B48: 65 | C48: 1 | D48: 00 | E48: 41150 | F48: 120 | G48: 01 | H48: 02 | I48: 910 | J48: =J45 -> 161.2 | K48: =K45 -> 414.3 | L48: =L45 -> 360.4
A49: ='Приложение 3'!A115 -> Условно утвержденные расходы | B49: 65 | C49: 1 | D49: 00 | E49: 41990 | K49: =K50 -> 47.5 | L49: =L50 -> 101.4
A50: ='Приложение 3'!A116 -> Иные бюджетные ассигнования | B50: 65 | C50: 1 | D50: 00 | E50: 41990 | F50: 800 | K50: =K51 -> 47.5 | L50: =L51 -> 101.4
A51: ='Приложение 3'!A117 -> Резервные средства | B51: 65 | C51: 1 | D51: 00 | E51: 41990 | F51: 870 | K51: =K52 -> 47.5 | L51: =L52 -> 101.4
A52: ='Приложение 3'!A111 -> Условно утвержденные расходы | B52: 65 | C52: 1 | D52: 00 | E52: 41990 | F52: 870 | G52: 99 | K52: =K53 -> 47.5 | L52: =L53 -> 101.4
A53: ='Приложение 3'!A112 -> Условно утвержденные расходы | B53: 65 | C53: 1 | D53: 00 | E53: 41990 | F53: 870 | G53: 99 | H53: 99 | K53: =K54 -> 47.5 | L53: =L54 -> 101.4
A54: Администрация Анненковского сельского поселения Ромодановского муниципального района Республики Мордовия | B54: 65 | C54: 1 | D54: 00 | E54: 41990 | F54: 870 | G54: 99 | H54: 99 | I54: 910 | K54: ='Приложение 3'!J117 -> 47.5 | L54: ='Приложение 3'!K117 -> 101.4
A55: =A68 -> Администрация Анненковского сельского поселения Ромодановского муниципального района Республики Мордовия | B55: 65 | C55: 1 | D55: 00 | E55: 41990 | F55: 870 | G55: 99 | H55: 99 | I55: 910 | K55: =K53 -> 47.5 | L55: =L53 -> 101.4
A56: =A48 -> Администрация Анненковского сельского поселения Ромодановского муниципального района Республики Мордовия | B56: 65 | C56: 1 | D56: 00 | E56: 41990 | F56: 870 | G56: 99 | H56: 99 | I56: 910 | K56: =K53 -> 47.5 | L56: =L53 -> 101.4
A57: ='Приложение 2'!A15 -> Субсидии на со финансирование расходных обязательств по финансовому обеспечению деятельности органов местного самоуправления и муниципальных учреждений | B57: 65 | C57: 1 | D57: 00 | E57: 44205 | J57: =J58 -> 15.2
A58: =A42 -> Расходы на выплаты персоналу в целях обеспечения выполнения функций государственными (муниципальными) органами, казенными учреждениями, органами управления государственными внебюджетными фондами | B58: 65 | C58: 1 | D58: 00 | E58: 44205 | F58: 100 | J58: =J59 -> 15.2
A59: =A43 -> Расходы на выплаты персоналу государственных (муниципальных) органов | B59: 65 | C59: 1 | D59: 00 | E59: 44205 | F59: 120 | J59: =J60 -> 15.2
A60: =A44 -> Общегосударственные вопросы | B60: 65 | C60: 1 | D60: 00 | E60: 44205 | F60: 120 | G60: 01 | J60: =J61 -> 15.2
A61: =A45 -> Функционирование высшего должностного лица субъекта Российской Федерации и муниципального образования | B61: 65 | C61: 1 | D61: 00 | E61: 44205 | F61: 120 | G61: 01 | H61: 02 | J61: =J62 -> 15.2
A62: =A56 -> Администрация Анненковского сельского поселения Ромодановского муниципального района Республики Мордовия | B62: 65 | C62: 1 | D62: 00 | E62: 44205 | F62: 120 | G62: 01 | H62: 02 | I62: 910 | J62: ='Приложение 2'!J15 -> 15.2
A63: ='Приложение 2'!A29 -> Субсидии на со финансирование расходных обязательств по финансовому обеспечению деятельности органов местного самоуправления и муниципальных учреждений | B63: 65 | C63: 2 | D63: 00 | E63: 44205 | J63: =J64 -> 215
A64: ='Приложение 2'!A30 -> Расходы на выплаты персоналу в целях обеспечения выполнения функций государственными (муниципальными) органами, казенными учреждениями, органами управления государственными внебюджетными фондами | B64: 65 | C64: 2 | D64: 00 | E64: 44205 | F64: 100 | J64: =J65 -> 215
A65: ='Приложение 2'!A31 -> Расходы на выплаты персоналу государственных (муниципальных) органов | B65: 65 | C65: 2 | D65: 00 | E65: 44205 | F65: 120 | J65: =J66 -> 215
A66: ='Приложение 2'!A8 -> Общегосударственные вопросы | B66: 65 | C66: 2 | D66: 00 | E66: 44205 | F66: 120 | G66: 01 | J66: =J67 -> 215
A67: ='Приложение 2'!A9 -> Функционирование высшего должностного лица субъекта Российской Федерации и муниципального образования | B67: 65 | C67: 2 | D67: 00 | E67: 44205 | F67: 120 | G67: 01 | H67: 04 | J67: =J68 -> 215
A68: =A77 -> Администрация Анненковского сельского поселения Ромодановского муниципального района Республики Мордовия | B68: 65 | C68: 1 | D68: 00 | E68: 44205 | F68: 120 | G68: 01 | H68: 02 | I68: 910 | J68: ='Приложение 2'!J31 -> 215
A69: =A56 -> Администрация Анненковского сельского поселения Ромодановского муниципального района Республики Мордовия | B69: 65 | C69: 2 | D69: 00 | E69: 44205 | F69: 120 | G69: 01 | H69: 04 | I69: 910 | J69: =J67 -> 215
A70: ='Приложение 2'!A20 -> Расходы в рамках обеспечения деятельности Администрации Анненковского сельского поселения | B70: 65 | C70: 2 | J70: =J71+J79 -> 1195 | K70: =K71+K79 -> 806.5 | L70: =L71+L79 -> 915.2
A71: Расходы на выплаты по оплате труда работников органов местного самоуправления | B71: 65 | C71: 2 | D71: 00 | E71: 41110 | J71: =J72 -> 702.4 | K71: =K72 -> 605.9 | L71: =L72 -> 605.9
A72: Расходы на выплаты персоналу в целях обеспечения выполнения функций государственными (муниципальными) органами, казенными учреждениями, органами управления государственными внебюджетными фондами | B72: 65 | C72: 2 | D72: 00 | E72: 41110 | F72: 100 | J72: =J73 -> 702.4 | K72: =K73 -> 605.9 | L72: =L73 -> 605.9
A73: Расходы на выплаты персоналу государственных (муниципальных) органов | B73: 65 | C73: 2 | D73: 00 | E73: 41110 | F73: 120 | J73: =J74 -> 702.4 | K73: =K74 -> 605.9 | L73: =L74 -> 605.9
A74: Общегосударственные вопросы | B74: 65 | C74: 2 | D74: 00 | E74: 41110 | F74: 120 | G74: 01 | J74: =J75 -> 702.4 | K74: =K75 -> 605.9 | L74: =L75 -> 605.9
A75: ='Приложение 2'!A18 -> Функционирование Правительства Российской Федерации, высших исполнительных органов субъектов Российской Федерации, местных администраций | B75: 65 | C75: 2 | D75: 00 | E75: 41110 | F75: 120 | G75: 01 | H75: 04 | J75: =J76 -> 702.4 | K75: =K76 -> 605.9 | L75: =L76 -> 605.9
A76: Администрация Анненковского сельского поселения Ромодановского муниципального района Республики Мордовия | B76: 65 | C76: 2 | D76: 00 | E76: 41110 | F76: 120 | G76: 01 | H76: 04 | I76: 910 | J76: ='Приложение 2'!J23 -> 702.4 | K76: ='Приложение 2'!K23 -> 605.9 | L76: ='Приложение 2'!L23 -> 605.9
A77: =A85 -> Администрация Анненковского сельского поселения Ромодановского муниципального района Республики Мордовия | B77: 65 | C77: 2 | D77: 00 | E77: 41110 | F77: 120 | G77: 01 | H77: 04 | I77: 910 | J77: ='Приложение 2'!J23 -> 702.4 | K77: ='Приложение 2'!K23 -> 605.9 | L77: ='Приложение 2'!L23 -> 605.9
A78: =A69 -> Администрация Анненковского сельского поселения Ромодановского муниципального района Республики Мордовия | B78: 65 | C78: 2 | D78: 00 | E78: 41110 | F78: 120 | G78: 01 | H78: 04 | I78: 910 | J78: =J75 -> 702.4 | K78: =K75 -> 605.9 | L78: =L75 -> 605.9
A79: ='Приложение 2'!A24 -> Расходы на обеспечение выполнения функций органов местного самоуправления | B79: 65 | C79: 2 | D79: 00 | E79: 41120 | J79: =J80+J87 -> 492.6 | K79: =K80+K87 -> 200.6 | L79: =L80+L87 -> 309.3
A80: Закупка товаров, работ и услуг для обеспечения государственных (муниципальных) нужд | B80: 65 | C80: 2 | D80: 00 | E80: 41120 | F80: 200 | J80: =J81 -> 488 | K80: =K81 -> 195.6 | L80: =L81 -> 304.3
A81: Иные закупки товаров, работ и услуг для обеспечения государственных (муниципальных) нужд | B81: 65 | C81: 2 | D81: 00 | E81: 41120 | F81: 240 | J81: =J82 -> 488 | K81: =K82 -> 195.6 | L81: =L82 -> 304.3
A82: Общегосударственные вопросы | B82: 65 | C82: 2 | D82: 00 | E82: 41120 | F82: 240 | G82: 01 | J82: =J83 -> 488 | K82: =K83 -> 195.6 | L82: =L83 -> 304.3
A83: =A75 -> Функционирование Правительства Российской Федерации, высших исполнительных органов субъектов Российской Федерации, местных администраций | B83: 65 | C83: 2 | D83: 00 | E83: 41120 | F83: 240 | G83: 01 | H83: 04 | J83: =J84 -> 488 | K83: =K84 -> 195.6 | L83: =L84 -> 304.3
A84: Администрация Анненковского сельского поселения Ромодановского муниципального района Республики Мордовия | B84: 65 | C84: 2 | D84: 00 | E84: 41120 | F84: 240 | G84: 01 | H84: 04 | I84: 910 | J84: ='Приложение 2'!J26 -> 488 | K84: ='Приложение 2'!K26 -> 195.6 | L84: ='Приложение 2'!L26 -> 304.3
A85: =A92 -> Администрация Анненковского сельского поселения Ромодановского муниципального района Республики Мордовия | B85: 65 | C85: 2 | D85: 00 | E85: 41120 | F85: 240 | G85: 01 | H85: 04 | I85: 910 | J85: ='Приложение 2'!J26 -> 488 | K85: ='Приложение 2'!K26 -> 195.6 | L85: ='Приложение 2'!L26 -> 304.3
A86: =A78 -> Администрация Анненковского сельского поселения Ромодановского муниципального района Республики Мордовия | B86: 65 | C86: 2 | D86: 00 | E86: 41120 | F86: 240 | G86: 01 | H86: 04 | I86: 910 | J86: =J83 -> 488 | K86: =K83 -> 195.6 | L86: =L83 -> 304.3
A87: Иные бюджетные ассигнования | B87: 65 | C87: 2 | D87: 00 | E87: 41120 | F87: 800 | J87: =J88 -> 4.6 | K87: =K88 -> 5 | L87: =L88 -> 5
A88: Уплата налогов, сборов и иных платежей | B88: 65 | C88: 2 | D88: 00 | E88: 41120 | F88: 850 | J88: =J89 -> 4.6 | K88: =K89 -> 5 | L88: =L89 -> 5
A89: Общегосударственные вопросы | B89: 65 | C89: 2 | D89: 00 | E89: 41120 | F89: 850 | G89: 01 | J89: =J90 -> 4.6 | K89: =K90 -> 5 | L89: =L90 -> 5
A90: =A83 -> Функционирование Правительства Российской Федерации, высших исполнительных органов субъектов Российской Федерации, местных администраций | B90: 65 | C90: 2 | D90: 00 | E90: 41120 | F90: 850 | G90: 01 | H90: 04 | J90: =J91 -> 4.6 | K90: =K91 -> 5 | L90: =L91 -> 5
A91: Администрация Анненковского сельского поселения Ромодановского муниципального района Республики Мордовия | B91: 65 | C91: 2 | D91: 00 | E91: 41120 | F91: 850 | G91: 01 | H91: 04 | I91: 910 | J91: ='Приложение 2'!J28 -> 4.6 | K91: ='Приложение 2'!K28 -> 5 | L91: ='Приложение 2'!L28 -> 5
A92: =A102 -> Администрация Анненковского сельского поселения Ромодановского муниципального района Республики Мордовия | B92: 65 | C92: 2 | D92: 00 | E92: 41120 | F92: 850 | G92: 01 | H92: 04 | I92: 910 | J92: ='Приложение 2'!J27 -> 4.6 | K92: ='Приложение 2'!K27 -> 5 | L92: ='Приложение 2'!L27 -> 5
A93: =A86 -> Администрация Анненковского сельского поселения Ромодановского муниципального района Республики Мордовия | B93: 65 | C93: 2 | D93: 00 | E93: 41120 | F93: 850 | G93: 01 | H93: 04 | I93: 910 | J93: =J90 -> 4.6 | K93: =K90 -> 5 | L93: =L90 -> 5
A94: ='Приложение 2'!A99 -> Непрограммные расходы главных распорядителей средств бюджетаАнненковского сельского поселения Ромодановского муниципального района Республики Мордовия | B94: 89 | J94: =J95 -> 1288.2 | K94: =K95 -> 319.4 | L94: =L95 -> 325.6
A95: ='Приложение 2'!A100 -> Непрограммные расходы в рамках обеспечения деятельности главных распорядителей средств бюджетаАнненковского сельского поселения Ромодановского муниципального района Республики Мордовия | B95: 89 | C95: 1 | J95: =J96+J104+J150+J118+J137+J131+J125+J112+J162+J156 -> 1288.2 | K95: =K96+K104+K150+K118+K137 -> 319.4 | L95: =L96+L104+L150+L118+L137 -> 325.6
A96: ='Приложение 2'!A101 -> Доплаты к пенсиям муниципальных служащих Республики Мордовия | B96: 89 | C96: 1 | D96: 00 | E96: 03010 | J96: =J97 -> 138.4 | K96: =K97 -> 138.4 | L96: =L97 -> 138.4
A97: ='Приложение 2'!A102 -> Социальное обеспечение и иные выплаты населению | B97: 89 | C97: 1 | D97: 00 | E97: 03010 | F97: 300 | J97: =J98 -> 138.4 | K97: =K98 -> 138.4 | L97: =L98 -> 138.4
A98: ='Приложение 2'!A103 -> Публичные нормативные социальные выплаты гражданам | B98: 89 | C98: 1 | D98: 00 | E98: 03010 | F98: 310 | J98: =J99 -> 138.4 | K98: =K99 -> 138.4 | L98: =L99 -> 138.4
A99: ='Приложение 2'!A97 -> Социальная политика | B99: 89 | C99: 1 | D99: 00 | E99: 03010 | F99: 310 | G99: 10 | J99: =J100 -> 138.4 | K99: =K100 -> 138.4 | L99: =L100 -> 138.4
A100: ='Приложение 2'!A98 -> Пенсионное обеспечение | B100: 89 | C100: 1 | D100: 00 | E100: 03010 | F100: 310 | G100: 10 | H100: 01 | J100: =J101 -> 138.4 | K100: =K101 -> 138.4 | L100: =L101 -> 138.4
...

Sheet прил5
C2: Приложение 5 к решению Совета депутатов Анненковского сельского поселения Ромодановского муниципального района Республики Мордовия «О внесении изменений в решение Совета депутатов Анненковского сельского поселения Ромодановского муниципального района Республики Мордовия от 26 декабря 2024 г № 21 «О бюджете Анненковского сельского поселения Ромодановского муниципального района Республики Мордовия на 2025 год и на плановый период 2026 и 2027 годов» Приложение 6 к решению Совета депутатов Анненковского сельского поселения Ромодановского муниципального района Республики Мордовия «О бюджете Анненковского сельского поселения Ромодановского муниципального района Республики Мордовия на 2025 год и на плановый период 2026 и 2027 годов»
A3: ИСТОЧНИКИ ВНУТРЕННЕГО ФИНАНСИРОВАНИЯ ДЕФИЦИТА БЮДЖЕТА АННЕНКОВСКОГО СЕЛЬСКОГО ПОСЕЛЕНИЯ РОМОДАНОВСКОГО МУНИЦИПАЛЬНОГО РАЙОНА РЕСПУБЛИКИ МОРДОВИЯ НА 2025 ГОД И НА ПЛАНОВЫЙ ПЕРИОД 2026 и 2027 ГОДОВ
A7: Код | B7: Наименование кода группы, подгруппы, статьи, вида источника финансирования дефицитов бюджетов, кода классификации операций сектора государственного управления, относящихся к источникам финансирования дефицитов бюджетов Российской Федерации | C7: Сумма (тыс. руб.)
C8: 2025 год | D8: 2026 год | E8: 2027 год
A9: 1 | B9: 2 | C9: 3 | D9: 4 | E9: 5
A10: 000 01 00 00 00 00 0000 000 | B10: ИСТОЧНИКИ ВНУТРЕННЕГО ФИНАНСИРОВАНИЯ ДЕФИЦИТОВ БЮДЖЕТОВ | C10: =C11+C22+C14+C18 -> -47.8 | D10: =D11+D22+D14+D18 -> -63.8 | E10: =E11+E22+E14+E18 -> -79.7
A11: 000 01 02 00 00 00 0000 000 | B11: Кредиты кредитных организаций в валюте Российской Федерации | C11: =SUM(C12) -> 0 | D11: =SUM(D12) -> 0 | E11: =SUM(E12) -> 0
A12: 000 01 02 00 00 00 0000 700 | B12: Привлечение кредитов от кредитных организаций в валюте Российской Федерации | C12: =SUM(C13) -> 0 | D12: =SUM(D13) -> 0 | E12: =SUM(E13) -> 0
A13: 000 01 02 00 00 05 0000 710 | B13: Привлечение кредитов от кредитных организаций бюджетами муниципальных районов в валюте Российской Федерации | C13: 0 | D13: 0 | E13: 0
A14: 000 01 03 00 00 00 0000 000 | B14: Бюджетные кредиты из других бюджетов бюджетной системы Российской Федерации | C14: =C15 -> -47.8 | D14: =D15 -> -63.8 | E14: =E15 -> -79.7
A15: 000 01 03 01 00 00 0000 000 | B15: Бюджетные кредиты из других бюджетов бюджетной системы Российской Федерации в валюте Российской Федерации | C15: =C16 -> -47.8 | D15: =D16 -> -63.8 | E15: =E16 -> -79.7
A16: 000 01 03 01 00 00 0000 800 | B16: Погашение бюджетных кредитов, полученных из других бюджетов бюджетной системы Российской Федерации в валюте Российской Федерации | C16: =C17 -> -47.8 | D16: =D17 -> -63.8 | E16: =E17 -> -79.7
A17: 000 01 03 01 00 10 0000 810 | B17: Погашение бюджетами сельских поселений кредитов из других бюджетов бюджетной системы Российской Федерации в валюте Российской Федерации | C17: -47.8 | D17: -63.8 | E17: -79.7
A18: 000 01 06 00 00 00 0000 000 | B18: Иные источники внутреннего финансирования дефицитов бюджетов | C18: =C19 -> 0 | D18: =D19 -> 0 | E18: =E19 -> 0
A19: 000 01 06 05 00 00 0000 000 | B19: Бюджетные кредиты, предоставленные внутри страны в валюте Российской Федерации | C19: =C20 -> 0 | D19: =D20 -> 0 | E19: =E20 -> 0
A20: 000 01 06 05 02 00 0000 600 | B20: Возврат бюджетных кредитов, предоставленных другим бюджетам бюджетной системы Российской Федерации в валюте Российской Федерации | C20: =C21 -> 0 | D20: =D21 -> 0 | E20: =E21 -> 0
A21: 000 01 06 05 02 05 0000 640 | B21: Возврат бюджетных кредитов, предоставленных другим бюджетам бюджетной системы Российской Федерации из бюджетов муниципальных районов в валюте Российской Федерации | C21: 0 | D21: 0 | E21: 0
A22: 000 01 05 00 00 00 0000 000 | B22: Изменения остатков средств на счетах по учету средств бюджета | C22: 0 | D22: 0 | E22: 0
A23: 000 01 05 02 00 00 0000 500 | B23: Увеличение прочих остатков средств бюджетов | C23: =C24 -> -3431.4 | D23: =D24 -> -2075.1 | E23: =E24 -> -2209.3
A24: 000 01 05 02 01 00 0000 510 | B24: Увеличение прочих остатков денежных средств бюджетов | C24: =C25 -> -3431.4 | D24: =D25 -> -2075.1 | E24: =E25 -> -2209.3
A25: 000 01 05 02 01 10 0000 510 | B25: Увеличение прочих остатков денежных средств бюджетов сельских поселений | C25: -3431.4 | D25: -2075.1 | E25: -2209.3
A26: 000 01 05 02 00 00 0000 600 | B26: Уменьшение прочих остатков средств бюджетов | C26: =C27 -> 3431.4 | D26: =D27 -> 2075.1 | E26: =E27 -> 2209.3
A27: 000 01 05 02 01 00 0000 610 | B27: Уменьшение прочих остатков денежных средств бюджетов | C27: =SUM(C28) -> 3431.4 | D27: =SUM(D28) -> 2075.1 | E27: =SUM(E28) -> 2209.3
A28: 000 01 05 02 01 05 0000 610 | B28: Уменьшение прочих остатков денежных средств бюджетов муниципальных районов | C28: 3431.4 | D28: 2075.1 | E28: 2209.3
A29: 000 01 00 00 00 00 0000 000 | B29: Итого источников внутреннего финансирования дефицита бюджета Анненковского сельского поселения Ромодановского муниципального района Республики Мордовия | C29: 0 | D29: 0 | E29: 0
B30: собственные доходы | C30: 1072.4 | D30: 953 | E30: 1010.7
C31: 3

Sheet прил6
D1: Приложение 6 к решению Совета депутатов Анненковского сельского поселения Ромодановского муниципального района Республики Мордовия «О внесении изменений в решение Совета депутатов Анненковского сельского поселения Ромодановского муниципального района Республики Мордовия от 26 декабря 2024 г № 21 «О бюджете Анненковского сельского поселения Ромодановского муниципального района Республики Мордовия на 2025 год и на плановый период 2026 и 2027 годов» Приложение 7 к решению Совета депутатов Анненковского сельского поселения Ромодановского муниципального района Республики Мордовия «О бюджете Анненковского сельского поселения Ромодановского муниципального района Республики Мордовия на 2025 год и на плановый период 2026 и 2027 годов»
A2: ПРОГРАММА МУНИЦИПАЛЬНЫХ ВНУТРЕННИХ ЗАИМСТВОВАНИЙ АННЕНКОВСКОГО СЕЛЬСКОГО ПОСЕЛЕНИЯ РОМОДАНОВСКОГО МУНИЦИПАЛЬНОГО РАЙОНА РЕСПУБЛИКИ МОРДОВИЯ НА 2025 ГОД И НА ПЛАНОВЫЙ ПЕРИОД 2026 И 2027 ГОДОВ
A6: № п/п | B6: ВИДЫ ЗАИМСТВОВАНИЙ | C6: Сумма (тыс. рублей)
C7: 2025 год | D7: 2026 год | E7: 2027 год
A8: 1 | B8: 2 | C8: 3 | D8: 4 | E8: 5
A9: ВСЕГО
A10: I | B10: Кредиты кредитных организаций в валюте Российской Федерации | C10: =C12 -> 0 | D10: =D12 -> 0 | E10: =E12 -> 0
B11: в том числе
A12: 1 | B12: Объем привлечения
A13: 2 | B13: Объем средств, направляемых на погашение основной суммы долга
A14: 11 | B14: Бюджетные кредиты от других бюджетов бюджетной системы Российской Федерации | C14: =C17 -> -47.8 | D14: =D17 -> -63.8 | E14: =E17 -> -79.7
B15: в том числе
A16: 1 | B16: Объем привлечения
A17: 2 | B17: Объем средств, направляемых на погашение основной суммы долга | C17: =прил5!C17 -> -47.8 | D17: =прил5!D17 -> -63.8 | E17: =прил5!E17 -> -79.7
B18: ВСЕГО | C18: =C12+C17 -> -47.8 | D18: =D12+D17 -> -63.8 | E18: =E12+E17 -> -79.7
